Cogmind - Beta 11 X8 @@@ ROGUE MODE // 2021.10.24 @ 17:20:44 Player: Terminus Result: Escaped! Performance ------------- Evolutions (9) 4500 Regions Visited (32) 6400 Robots Destroyed (588) 2940 Value Destroyed (29219) 29219 Prototype IDs (71) 1420 Alien Tech Used (9) 1800 Bonus (17124) 17124 TOTAL SCORE: 63403 Bonus ------- Triggered High Security 500 High Alert Combat Kills 6634 Follower Combat Kills 3076 Network Hubs Disabled 200 Met Data Miner 300 Met Imprinter 300 Met Warlord at Base 500 MAIN.C Attacked Warlord 500 Warlord Defense Kill 94 Built Enhanced Grunts 300 A7 Reached Mainframe 300 Met R17 at Research 2000 Win 3000 Friendly Fire -580 Cogmind --------- Core Integrity 1257/1600 Matter 425/425 Energy 928/940 System Corruption 0% Temperature Cool (10) Movement Walking (113) Location To Epsilon Eridani Parts ------- > --- POWER (2) -------- Quantum Reactor Light Quantum Reactor > --- PROPULSION (5) --- High-density Centrium Leg High-density Centrium Leg Myomer Exoskeleton > --- UTILITY (14) ----- Advanced Power Amplifier Experimental Cooling System High-capacity Storage Unit Advanced Energy Well Advanced Salvage Targeting Computer Advanced Target Analyzer Advanced Weapon Cycler Advanced Weapon Cycler SHELL Armor EM Dispersion Field Hacking Suite > --- WEAPON (4) ------- Cooled Plasma Rifle > --- INVENTORY (20) --- Particle Reactor High-density Centrium Leg Advanced Heat Sink Advanced Sensor Array Advanced Particle Charger Experimental Transmission Jammer Thermal Barrier Heavy Laser Heavy Laser Phase Gun Phase Gun Nova Cannon Enhanced Nova Cannon Null Cannon Micro-nuke Launcher Improved Remote Datajack Plasma Cutter Peak State ------------ > --- POWER ------------ Improved Quantum Reactor Improved Quantum Reactor > --- PROPULSION ------- High-density Centrium Leg High-density Centrium Leg Myomer Exoskeleton > --- UTILITY ---------- Experimental Power Amplifier Experimental Cooling System High-capacity Storage Unit Advanced Sensor Array Advanced Signal Interpreter Experimental Targeting Computer Advanced Target Analyzer Advanced Armor Integrity Analyzer Experimental Transmission Jammer SHELL Armor Experimental Force Field Hacking Suite > --- WEAPON ----------- Plasma Rifle Plasma Rifle Phase Gun Null Cannon > --- INVENTORY -------- Particle Reactor Particle Reactor Quantum Reactor High-density Centrium Leg High-density Centrium Leg Advanced Energy Well Advanced Energy Well Advanced Particle Charger Advanced Weapon Cycler Thermal Barrier EM Dispersion Field Experimental Force Field Transdimensional Reconstructor Plasma Rifle Plasma Rifle Cooled Plasma Rifle Precision Phase Gun Micro-nuke Launcher Improved Remote Datajack Plasma Cutter [Rating: 225] Favorites ----------- Power F-cell Engine Engine F-cell Engine Power Core Reinforced Fission Core Reactor Vortex Chain Reactor Propulsion Improved Carbon-fiber Leg Treads Light Treads Leg Improved Carbon-fiber Leg Wheel Wheel Flight Unit Improved Surge Thruster Utility High-capacity Storage Unit Device Experimental Sensor Array Storage High-capacity Storage Unit Processor Advanced Signal Interpreter Hackware Hacking Suite Protection SHELL Armor Weapon Plasma Rifle Energy Gun Plasma Rifle Energy Cannon Advanced Beam Cannon Ballistic Gun Gauss Rifle Launcher Heavy Missile Launcher Special Weapon Plasma Cutter Impact Weapon Core Stripper Slashing Weapon Axe Piercing Weapon CR-A16's Pointy Stick Build | -11 -10 -10 -9 -9 -8 -7 -7 -7 -7 -6 -6 -6 -6 -6 -5 -5 -5 -5 -5 -4 -4 -4 -4 -4 -4 -3 -3 -3 -2 -2 -1 -1 ------- Run | Scr Mat Min Mat Sto Mat Fac Low Low Zio Pro Fac Low Low Dat Pro Fac Upp Upp War Pro Fac Ext Cet Arc Hub Res Qua Sec Res Tes Acc Com Slots Evolved 18 | . . . 2 . 2 2 . . . . 2 . . . . 2 . . . . 2 . . . . 2 . . 2 . 2 . Power 1 | . . . . . . . . . . . 1 . . . . . . . . . . . . . . . . . . . . . Propulsion 3 | . . . . . 1 1 . . . . . . . . . 1 . . . . . . . . . . . . . . . . Utility 12 | . . . 1 . 1 1 . . . . 1 . . . . 1 . . . . 2 . . . . 2 . . 1 . 2 . Weapon 2 | . . . 1 . . . . . . . . . . . . . . . . . . . . . . . . . 1 . . . Parts Attached 753 | 6 13 4 27 29 31 80 4 4 19 5 81 16 1 11 6 44 2 14 19 3 33 19 9 10 10 15 41 69 24 47 15 42 Power 46 | 1 4 1 3 1 . 4 . 1 . . 8 1 . . . 1 . . 2 . 4 1 1 . . 1 3 1 . 3 1 4 Engine 22 | 1 4 1 3 1 . 4 . 1 . . 6 1 . . . . . . . . . . . . . . . . . . . . Core 7 | . . . . . . . . . . . 1 . . . . 1 . . 2 . 1 1 . . . 1 . . . . . . Reactor 17 | . . . . . . . . . . . 1 . . . . . . . . . 3 . 1 . . . 3 1 . 3 1 4 Propulsion 95 | 2 3 . 6 13 11 10 . . 3 1 11 1 . 1 1 5 . 2 5 . 4 1 . 1 . . 6 . 2 5 . 1 Treads 27 | 2 3 . 6 12 4 . . . . . . . . . . . . . . . . . . . . . . . . . . . Leg 66 | . . . . 1 6 10 . . 3 1 11 1 . 1 1 4 . 2 5 . 4 1 . 1 . . 6 . 2 5 . 1 Wheel 1 | . . . . . 1 . . . . . . . . . . . . . . . . . . . . . . . . . . . Hover . | . . . . . . . . . . . . . . . . . . . . . . . . . . . . . . . . . Flight 1 | . . . . . . . . . . . . . . . . 1 . . . . . . . . . . . . . . . . Utility 379 | 1 4 . 5 6 8 37 2 . 2 2 41 7 . 7 2 23 2 7 11 1 19 11 6 5 6 8 26 53 12 26 10 29 Device 259 | . 1 . 2 1 3 20 2 . 1 1 34 4 . 4 1 15 1 6 7 1 14 7 3 2 4 5 14 43 7 23 8 25 Storage 14 | 1 3 . . . 1 . . . . . 2 . . 1 . . . . . . . 1 . . . . 1 1 . 1 . 2 Processor 16 | . . . . . . 1 . . 1 . 1 . . . . 2 . . . . 1 1 . . . 1 1 2 2 . 2 1 Hackware 6 | . . . . . . 1 . . . . 1 . . . . 1 . . . . 1 . . . . . . . 1 . . 1 Protection 84 | . . . 3 5 4 15 . . . 1 3 3 . 2 1 5 1 1 4 . 3 2 3 3 2 2 10 7 2 2 . . Artifact . | . . . . . . . . . . . . . . . . . . . . . . . . . . . . . . . . . Weapon 233 | 2 2 3 13 9 12 29 2 3 14 2 21 7 1 3 3 15 . 5 1 2 6 6 2 4 4 6 6 15 10 13 4 8 Energy Gun 162 | 2 2 3 12 9 7 13 2 . 10 1 15 3 1 2 1 10 . 3 1 1 3 4 2 2 2 6 5 13 9 10 2 6 Energy Cannon 31 | . . . 1 . 2 7 . 1 . 1 . 1 . . 1 4 . . . 1 2 . . 1 2 . . . 1 3 2 1 Ballistic Gun 2 | . . . . . . 2 . . . . . . . . . . . . . . . . . . . . . . . . . . Ballistic Cannon . | . . . . . . . . . . . . . . . . . . . . . . . . . . . . . . . . . Launcher 13 | . . . . . 2 3 . . . . 1 2 . . 1 . . 1 . . 1 . . . . . . 1 . . . 1 Special Weapon 7 | . . . . . . . . . 1 . . 1 . . . . . 1 . . . 2 . 1 . . . 1 . . . . Impact Weapon 1 | . . . . . . . . . . . . . . . . . . . . . . . . . . . 1 . . . . . Slashing Weapon 9 | . . . . . 1 4 . 2 2 . . . . . . . . . . . . . . . . . . . . . . . Piercing Weapon 8 | . . . . . . . . . 1 . 5 . . 1 . 1 . . . . . . . . . . . . . . . . Special Melee Weapon . | . . . . . . . . . . . . . . . . . . . . . . . . . . . . . . . . . Unidentified Prototypes 61 | . . . 5 . 1 1 . . 1 . 5 . . 2 . 3 . . 6 . 1 . 1 . . 2 13 7 3 9 . 1 Corrupted Parts 3 | . . . . 1 . . . . . . . . . . . 1 . . 1 . . . . . . . . . . . . . System Corruption 28 | . . . . 16 . . . . . . . . . . . 5 . . 7 . . . . . . . . . . . . . Parts Lost 79 | . 2 1 1 . 5 18 . . . 1 14 2 . 1 . 6 . 3 . . 1 1 . . 1 . . 10 . 1 3 8 Power 10 | . 2 . . . . 1 . . . . 2 1 . . . . . . . . . . . . . . . 1 . 1 . 2 Propulsion 17 | . . . . . 3 4 . . . 1 5 1 . . . 1 . 2 . . . . . . . . . . . . . . Utility 25 | . . . . . . 6 . . . . 3 . . . . 3 . . . . . 1 . . 1 . . 6 . . 3 2 Weapon 27 | . . 1 1 . 2 7 . . . . 4 . . 1 . 2 . 1 . . 1 . . . . . . 3 . . . 4 Highest Loss Streak 11 | . 1 1 1 . 2 11 . . . 1 3 2 . 1 . 4 . 1 . . 1 1 . . 1 . . 2 . 1 1 3 Average Slot Usage (%) 96 | . 90 100 100 99 99 97 99 100 98 99 99 99 100 100 100 99 100 97 99 100 99 100 100 100 100 100 93 85 91 85 83 83 Engine 6 | . 13 14 11 11 9 7 7 7 7 7 9 11 13 13 13 9 5 5 1 . . . . . . . . . . . . . Core 1 | . . . . . . . . . . . 2 1 . . . 1 5 5 8 11 6 5 5 5 5 4 . . . . . . Reactor 1 | . . . . . . . . . . . . . . . . . . . . . 3 5 5 5 5 4 3 4 4 6 8 7 Treads 5 | . 27 28 22 22 15 . . . . . . . . . . . . . . . . . . . . . . . . . . . Leg 19 | . . . . . 10 29 30 30 30 29 25 26 26 26 26 28 29 26 28 29 26 26 26 26 26 23 22 23 21 17 12 12 Device 18 | . 6 14 13 10 18 20 22 23 22 22 19 19 20 19 25 20 17 17 17 17 19 20 20 23 19 23 24 17 21 16 22 25 Storage 6 | . 14 14 11 11 9 7 7 7 7 7 5 6 6 6 6 5 5 5 5 5 5 5 5 5 5 4 4 4 4 4 4 4 Processor 7 | . . . . . . 7 7 7 7 7 6 6 6 6 6 8 11 11 11 11 10 10 10 10 10 12 14 12 13 13 13 10 Hackware 2 | . . . . . . . . . . . 6 6 6 3 . 2 . . . . 5 5 5 5 5 4 4 2 4 4 4 4 Protection 3 | . . . 8 11 8 1 . . . . . . . 2 . 1 4 5 4 5 5 5 5 2 5 5 1 3 3 3 4 4 Energy Gun 19 | . 28 28 33 32 17 12 23 21 21 20 18 18 19 18 17 16 17 16 17 16 14 14 15 7 13 14 13 13 16 16 15 15 Energy Cannon 1 | . . . . . 8 7 . . . 2 . 1 . . 1 . . . . . . . . 3 1 . . . . . . . Naked Turns . | . . . . . . . . . . . . . . . . . . . . . . . . . . . . . . . . . Heaviest Build 154 | 14 50 52 61 62 70 72 64 64 68 70 84 87 86 92 90 96 90 91 90 84 109 106 106 103 112 115 116 125 124 142 152 154 Greatest Support 164 | 40 40 40 43 43 65 66 66 66 76 76 73 67 67 80 82 108 108 103 128 128 138 135 130 130 130 130 139 139 149 164 164 164 Greatest Overweight (x) 22 | 1 1 1 1 1 6 22 . . 1 1 1 1 1 1 1 . . 1 . . . . . . . . 1 . . . . 1 Average Overweight (x) . | . . 1 1 1 . . . . . . . 1 1 1 1 . . . . . . . . . . . . . . . . . Largest Inventory Capacity 20 | 8 20 20 20 20 20 20 20 20 20 20 20 20 20 20 20 20 20 20 20 20 20 20 20 20 20 20 20 20 20 20 20 20 Average Capacity 19 | 6 17 20 20 20 20 20 20 20 20 20 19 20 20 20 20 20 20 20 20 20 20 20 20 20 20 20 20 20 20 20 20 20 Most Carried 20 | 4 19 20 20 20 20 20 20 20 20 20 20 20 20 20 20 20 20 20 20 20 20 20 20 20 20 20 20 20 20 20 20 20 Average Carried 19 | 2 13 19 19 19 19 17 20 19 19 19 19 18 19 19 19 19 19 19 19 19 19 19 19 19 19 19 19 19 19 19 18 19 Final Capacity 20 | 8 20 20 20 20 20 20 20 20 20 20 20 20 20 20 20 20 20 20 20 20 20 20 20 20 20 20 20 20 20 20 20 20 Final Carried 20 | 4 19 20 20 20 20 20 20 20 19 20 20 20 20 20 20 20 20 20 20 20 20 20 20 20 19 20 20 20 20 20 20 17 Class Distribution -------------------- 26% | Scavenger-Skirmisher 18% | Scavenger-Gunner 13% | Mutant 11% | Scavenger-Tank 9% | Skirmisher 8% | Tank 6% | Scavenger-Mutant Dominant Class ---------------- Mutant | -10/Materials Mutant | -10/Mines Tank | -9/Materials Scavenger-Tank | -9/Storage Scavenger-Tank | -8/Materials Skirmisher | -7/Factory Scavenger-Skirmisher | -7/Lower Caves Scavenger-Skirmisher | -7/Lower Caves Scavenger-Skirmisher | -7/Zion Scavenger-Skirmisher | -6/Proximity Caves Scavenger-Skirmisher | -6/Factory Skirmisher | -6/Lower Caves Skirmisher | -6/Lower Caves Skirmisher | -6/Data Miner Skirmisher | -5/Proximity Caves Derelict-Skirmisher | -5/Factory Scavenger-Skirmisher | -5/Upper Caves Scavenger-Skirmisher | -5/Upper Caves Scavenger-Skirmisher | -5/Warlord Scavenger-Skirmisher | -4/Proximity Caves Scavenger-Skirmisher | -4/Factory Scavenger-Skirmisher | -4/Extension Commander-Skirmisher | -4/Cetus Commander-Skirmisher | -4/Archives Scavenger-Skirmisher | -4/Hub_04(d) Scavenger-Gunner | -3/Research Scavenger-Gunner | -3/Quarantine Scavenger-Gunner | -3/Section 7 Scavenger-Tank | -2/Research Scavenger-Gunner | -2/Testing Scavenger-Skirmisher | -1/Access Scavenger-Gunner | -1/Command Resources | -11 -10 -10 -9 -9 -8 -7 -7 -7 -7 -6 -6 -6 -6 -6 -5 -5 -5 -5 -5 -4 -4 -4 -4 -4 -4 -3 -3 -3 -2 -2 -1 -1 ----------- Run | Scr Mat Min Mat Sto Mat Fac Low Low Zio Pro Fac Low Low Dat Pro Fac Upp Upp War Pro Fac Ext Cet Arc Hub Res Qua Sec Res Tes Acc Com Matter Collected 8488 | 189 194 40 255 270 398 847 138 65 107 119 764 197 10 105 30 468 28 168 200 10 282 396 137 98 113 138 448 994 230 473 151 426 Remotely . | . . . . . . . . . . . . . . . . . . . . . . . . . . . . . . . . . Salvage Created 34416 | . 623 213 1859 1691 1976 2547 . 64 . 72 2682 469 35 341 266 989 . 613 46 63 825 721 71 152 476 283 1288 4240 1579 3652 1669 4911 Parts 1073 | . 46 9 89 87 105 107 . 1 . 4 74 16 2 9 9 27 . 16 . 1 23 24 2 11 12 5 34 115 23 71 48 103 Haulers Intercepted 41 | . 2 . 4 6 4 4 . . . . 5 . . . . . . . . . 2 2 . . 2 1 1 1 3 2 2 . Recyclers Shooed 17 | . 1 . 7 . 2 2 . . . . 3 . . . . 2 . . . . . . . . . . . . . . . . Parts Field Recycled . | . . . . . . . . . . . . . . . . . . . . . . . . . . . . . . . . . Retrieved Matter . | . . . . . . . . . . . . . . . . . . . . . . . . . . . . . . . . . Parts Self-Destructed 115 | . . . . . . . 2 1 . 3 . 17 3 . 9 . . 11 63 6 . . . . . . . . . . . . Prevented 18 | . . . . . . . . 1 . . . . . . 1 . . . 16 . . . . . . . . . . . . . Kills | -11 -10 -10 -9 -9 -8 -7 -7 -7 -7 -6 -6 -6 -6 -6 -5 -5 -5 -5 -5 -4 -4 -4 -4 -4 -4 -3 -3 -3 -2 -2 -1 -1 ------- Run | Scr Mat Min Mat Sto Mat Fac Low Low Zio Pro Fac Low Low Dat Pro Fac Upp Upp War Pro Fac Ext Cet Arc Hub Res Qua Sec Res Tes Acc Com Combat Hostiles Destroyed 451 | . 15 5 28 27 37 44 . 1 . 1 32 12 . 4 7 14 . 8 1 1 7 6 1 . 3 1 8 56 15 42 18 57 Guns 280 | . 13 5 25 26 16 19 . 1 . 1 24 4 . 1 1 9 . 5 . 1 5 4 . . 2 1 4 31 11 30 13 28 Cannons 23 | . . . . . 11 12 . . . . . . . . . . . . . . . . . . . . . . . . . . AOE 39 | . . . . . 9 11 . . . . . 7 . . 5 . . 1 . . . . . . . . . 3 . . . 3 Classes Destroyed 26 | . 7 2 3 1 1 3 . . . . . 1 1 . . 2 . . 1 . . . . . . . 2 2 . . . . Worker 22 | . 1 . 4 4 2 5 . . . . 1 . . . . 1 . . . . . 1 . . . . . 2 . 1 . . Builder 12 | . 2 . 1 1 3 1 . . . . . . . . . . . . . . . 1 . . . . . 2 . . 1 . Tunneler 1 | . . . 1 . . . . . . . . . . . . . . . . . . . . . . . . . . . . . Hauler 41 | . 2 . 4 6 4 4 . . . . 5 . . . . . . . . . 2 2 . . 2 1 1 1 3 2 2 . Recycler 16 | . . . 5 2 2 3 . . . . 1 . . . . . . . . . 1 . . . . . 1 . . 1 . . Minesweeper 2 | . . . . . . . . . . . . . 1 . 1 . . . . . . . . . . . . . . . . . Mechanic 1 | . . . . . . 1 . . . . . . . . . . . . . . . . . . . . . . . . . . Operator 13 | . 2 . . . 1 . . . . . . . . . . 1 . . . . . 1 . 4 1 . . 1 . . 1 1 Watcher 36 | . 2 . 5 1 4 3 . . . . 4 . . . . . . . . . 2 . . . . 3 3 2 . 3 . 4 Swarmer 60 | . 8 . 7 3 8 6 . . . . . 3 . . 5 . . 1 . . . . . . . . . 6 . 4 4 5 Cutter 2 | . . . . . . . . . . . . . . . . 2 . . . . . . . . . . . . . . . . Saboteur 2 | . . . . . . . . . . . . . . . . . . . . . . . . . . . . 1 . . . 1 Grunt 189 | . 7 2 10 17 18 19 . . . . 18 6 . . 1 6 . 3 . . 1 1 . . 2 1 . 18 11 15 5 28 Brawler 10 | . . . 2 . . 1 . . . . . . . . . . . . . . . . . . . . . 1 1 3 . 2 Duelist 11 | . . . . 1 1 . . . . . . 2 . . . 1 . . . . . . . . . . . . 1 3 . 2 Protector 3 | . . . . . . . . . . . . . . . . . . . 1 . . . . . . . . . . 2 . . Sentry 53 | . . 2 9 7 9 3 . . . 1 5 . . . . 1 . 1 . . 1 3 . . . . . 6 2 . 1 2 Specialist 10 | . . . . . . 6 . . . . 2 . . . . 2 . . . . . . . . . . . . . . . . Hunter 36 | . . . . . 1 4 . . . . 4 . . . . . . 2 . 1 1 2 . . 1 . . 2 . 5 8 5 Programmer 55 | . . . . . . 5 . . . . 3 . . . . . . . . . 4 . . . . . 6 16 . 9 . 12 Heavy 1 | . . . . . . . . . . . . . . . . 1 . . . . . . . . . . . . . . . . Behemoth 5 | . . . . . . . . . . . . 1 . . 1 1 . 1 . . . . . . . . . 1 . . . . Cetus Guard 1 | . . . . . . . . . . . . . . . . . . . . . . . 1 . . . . . . . . . S7 Guard 3 | . . . . . . . . . . . . . . . . . . . . . . . . . . . . 3 . . . . Enhanced Grunt 4 | . . . . . . . . . . . . . . 4 . . . . . . . . . . . . . . . . . . Executioner 2 | . . . . . . . . . . . . . . . . . . . . . . . . . . . . 2 . . . . Alpha 7 2 | . . . . . . . . . . . . . . . . . . . . . . . . . . . 1 . . 1 . . Fortress 1 | . . . . . . . . . . . . . . . . . . . . . . . . . . . 1 . . . . . Assembled 1 | . . 1 . . . . . . . . . . . . . . . . . . . . . . . . . . . . . . Savage 1 | . . . . . . . . . . . . . . . . . . . . . . . . . 1 . . . . . . . Butcher 1 | . . . . . . . . 1 . . . . . . . . . . . . . . . . . . . . . . . . Best Kill Streak 11 | . 3 2 11 10 11 5 . 1 . 1 9 4 1 2 5 2 . 5 1 1 3 5 1 1 2 1 2 9 7 9 6 9 Combat Bots Only 10 | . 3 2 9 10 9 4 . 1 . 1 5 4 . 2 5 2 . 5 1 1 2 2 1 . 2 1 2 8 6 5 5 9 Max Kills in Single Turn 5 | . 2 1 2 2 5 4 . 1 . 1 1 3 1 1 4 1 . 1 1 1 1 2 1 1 2 1 1 3 2 2 3 2 Gunslinging 1 | . 1 . . 1 1 1 . . . . . . . . . . . . . . . . . . . . . . 1 1 1 1 Exploded 4 | . . . . . 4 3 . . . . . 3 . . 4 . . 1 . . . . . . . . . 2 . . . 2 Melee . | . . . . . . . . . . . . . . . . . . . . . . . . . . . . . . . . . Uniques/NPCs Destroyed . | . . . . . . . . . . . . . . . . . . . . . . . . . . . . . . . . . Combat | -11 -10 -10 -9 -9 -8 -7 -7 -7 -7 -6 -6 -6 -6 -6 -5 -5 -5 -5 -5 -4 -4 -4 -4 -4 -4 -3 -3 -3 -2 -2 -1 -1 -------- Run | Scr Mat Min Mat Sto Mat Fac Low Low Zio Pro Fac Low Low Dat Pro Fac Upp Upp War Pro Fac Ext Cet Arc Hub Res Qua Sec Res Tes Acc Com Damage Taken 24677 | . 589 156 833 601 1142 3419 . 15 . 86 2411 439 . 266 73 1217 . 723 12 . 921 95 35 . 1144 31 967 2706 169 1200 774 4653 Core 2100 | . 42 . 155 77 28 499 . . . 6 328 57 . 38 15 97 . 85 12 . 11 8 . . 43 . 41 283 5 42 15 213 Absorbed by Shields 7409 | . . . . . . 101 . . . . . . . . . . . . 11 . 131 51 33 . . . . 891 184 1253 815 3939 Core Remaining (%) 74 | 100 . 83 . 42 94 . . . . 27 . . . . 48 . . . . 80 . . . . 94 . . 77 . 96 . 78 Volleys Fired 1616 | . 59 13 108 68 104 152 . 1 4 3 125 17 1 14 32 71 . 26 7 5 42 42 4 41 39 15 52 186 46 139 48 152 Largest 4 | . 2 2 3 3 3 3 . 3 1 3 3 3 3 3 3 3 . 3 3 3 3 3 3 3 3 3 3 3 4 4 4 4 Hottest 345 | . 100 100 162 162 192 212 . 195 69 189 225 225 225 225 225 225 . 225 225 225 260 225 225 225 225 225 244 244 301 345 332 332 Shots Fired 4490 | . 118 26 324 202 299 378 1 4 4 7 370 39 3 42 52 181 2 57 17 7 106 84 12 59 79 45 108 495 181 451 162 575 Gun 4075 | . 118 26 324 202 223 220 1 4 4 6 369 33 3 42 30 166 2 46 17 3 96 65 12 18 57 45 108 492 180 447 152 564 Cannon 324 | . . . . . 70 152 . . . 1 . 1 . . 20 15 . . . 4 4 . . 11 22 . . . 1 4 10 9 Launcher 30 | . . . . . 6 6 . . . . 1 3 . . 2 . . 2 . . 6 . . . . . . 2 . . . 2 Special 61 | . . . . . . . . . . . . 2 . . . . . 9 . . . 19 . 30 . . . 1 . . . . Kinetic 8 | . . . . . . 8 . . . . . . . . . . . . . . . . . . . . . . . . . . Thermal 4437 | . 118 26 324 202 293 364 1 4 4 7 369 34 3 42 50 181 2 55 17 7 106 65 12 59 79 45 108 493 181 451 162 573 Explosive 26 | . . . . . 6 6 . . . . 1 5 . . 2 . . 2 . . . . . . . . . 2 . . . 2 Electromagnetic . | . . . . . . . . . . . . . . . . . . . . . . . . . . . . . . . . . Robot Hit Streak 36 | . 11 11 13 22 22 24 . 1 . 7 35 8 2 20 10 13 . 16 11 13 23 22 17 18 13 8 21 33 36 35 22 23 Robot Miss Streak 7 | . 3 2 7 6 5 4 . 1 . . 3 2 1 5 1 3 . 2 3 . 3 1 . 4 3 2 1 3 2 4 3 4 Penetration Max . | . . . . . . . . . . . . . . . . . . . . . . . . . . . . . . . . . Secondary Targets 67 | . 3 . 3 4 2 1 . . . . 1 2 . . . 3 . 3 . . . 1 . . . . 1 12 2 7 8 14 Max Gunslinging Chain 2 | . 1 . 1 1 1 1 . . . . 1 1 . . . 1 . 1 . . . 1 . . . . 1 1 1 1 1 2 Shots Hit Robots 3041 | . 74 20 195 140 195 231 . 1 . 6 279 25 2 32 23 109 . 46 12 2 64 68 12 47 42 29 68 359 145 320 110 385 Core Hits 1245 | . 33 9 78 65 97 107 . 1 . 3 101 18 1 14 11 34 . 24 5 2 22 21 2 18 13 10 21 138 63 126 58 150 Critical Kills . | . . . . . . . . . . . . . . . . . . . . . . . . . . . . . . . . . Critical Parts Destroyed . | . . . . . . . . . . . . . . . . . . . . . . . . . . . . . . . . . Critical Strikes 339 | . 9 2 25 19 10 9 . . . 1 12 3 . 3 6 17 . 5 3 . 4 9 4 3 4 2 8 42 20 47 14 58 Burn 336 | . 9 2 25 19 10 9 . . . 1 12 2 . 3 6 17 . 4 3 . 4 9 4 2 4 2 8 42 20 47 14 58 Sever 3 | . . . . . . . . . . . . 1 . . . . . 1 . . . . . 1 . . . . . . . . Melee Attacks 35 | . . . . . 4 7 . 1 . . 9 . . 9 . 1 . . . . . . . . . . 4 . . . . . Kinetic 4 | . . . . . . . . . . . . . . . . . . . . . . . . . . . 4 . . . . . Impact . | . . . . . . . . . . . . . . . . . . . . . . . . . . . . . . . . . Slashing 12 | . . . . . 4 7 . 1 . . . . . . . . . . . . . . . . . . . . . . . . Piercing 19 | . . . . . . . . . . . 9 . . 9 . 1 . . . . . . . . . . . . . . . . Sneak Attacks 3 | . . . . . 2 . . . . . . . . 1 . . . . . . . . . . . . . . . . . . Combat Hostiles . | . . . . . . . . . . . . . . . . . . . . . . . . . . . . . . . . . Follow-up Attacks . | . . . . . . . . . . . . . . . . . . . . . . . . . . . . . . . . . Damage Inflicted 71375 | . 1013 256 2920 2041 4402 6280 . 17 . 100 5268 1385 44 572 758 2567 . 1256 248 43 1638 1300 270 885 1545 850 2089 9345 3323 7954 2973 10033 Guns 61455 | . 972 256 2655 2024 2383 2801 . 17 . 100 5238 521 44 467 520 2536 . 915 248 43 1608 1240 270 351 983 767 1949 8972 3308 7872 2952 9443 Cannons 3276 | . . . . . 970 1849 . . . . . . . . . . . . . . . . . 270 187 . . . . . . . Explosions 5059 | . . . 222 . 821 1453 . . . . . 832 . . 238 . . 275 . . . . . . 365 . . 330 . . . 523 Melee 462 | . . . . . 217 . . . . . . . . 105 . . . . . . . . . . . . 140 . . . . . Ramming 754 | . 41 . 43 17 11 177 . . . . 30 . . . . 31 . . . . 30 60 . . 10 83 . 36 15 82 21 67 Kinetic 160 | . . . . . . 20 . . . . . . . . . . . . . . . . . . . . 140 . . . . . Thermal 65048 | . 972 256 2655 2024 3353 4630 . 17 . 100 5238 521 44 467 520 2536 . 981 248 43 1608 1240 270 885 1170 767 1949 8979 3308 7872 2952 9443 Explosive 4659 | . . . 187 . 821 1453 . . . . . 832 . . 238 . . 275 . . . . . . . . . 330 . . . 523 Electromagnetic 400 | . . . 35 . . . . . . . . . . . . . . . . . . . . . 365 . . . . . . . Impact . | . . . . . . . . . . . . . . . . . . . . . . . . . . . . . . . . . Slashing 249 | . . . . . 217 . . . . . . 32 . . . . . . . . . . . . . . . . . . . . Piercing 105 | . . . . . . . . . . . . . . 105 . . . . . . . . . . . . . . . . . . Highest Corruption 17 | . . . . 17 . 7 7 7 7 . . . . . . 6 6 6 13 . 3 8 8 8 10 1 8 9 . . . . Average Corruption 4 | . . . . 1 . 4 7 7 7 . . . . . . 1 6 6 7 . 1 3 8 6 7 1 4 8 . . . . Corruption Purged 8 | . . . . . . . . . . . . . . . . . . . . . . . . 8 . . . . . . . . Effects 298 | . . . . 9 . 64 19 18 2 . . . . . . 3 16 16 1 . 11 20 10 12 1 1 23 72 . . . . Message Errors 90 | . . . . 4 . 17 4 5 . . . . . . . 1 4 8 1 . 7 6 1 4 . 1 9 18 . . . . Matter Fused 56 | . . . . . . 12 6 3 1 . . . . . . . 1 3 . . 1 6 2 1 . . 6 14 . . . . Heat Flow Errors 34 | . . . . . . 10 2 3 . . . . . . . . 1 2 . . 1 2 1 . . . 3 9 . . . . Energy Discharges 42 | . . . . 3 . 8 3 3 . . . . . . . 1 4 1 . . 1 5 1 3 . . 2 7 . . . . Parts Rejected 2 | . . . . . . 1 . . . . . . . . . . . . . . . . 1 . . . . . . . . . Data Loss (minor) 44 | . . . . 1 . 10 3 3 1 . . . . . . 1 4 1 . . 1 . 2 3 1 . 3 10 . . . . Data Loss (major) 6 | . . . . . . 1 . . . . . . . . . . . . . . . 1 2 . . . . 2 . . . . Misfires 11 | . . . . . . . 1 1 . . . . . . . . 2 1 . . . . . 1 . . . 5 . . . . Weapon Failures 13 | . . . . 1 . 5 . . . . . . . . . . . . . . . . . . . . . 7 . . . . Overload Shots 4 | . . . . . . . . . . . . . . . . . . . . . 1 . . . . . . 1 1 1 . . Overflow Damage 463 | . . . 35 . 94 44 . . . . . 28 . 45 . . . 11 . . . 36 . 36 37 24 . 22 . 36 . 15 Projectiles 107 | . . . . . 22 32 . . . . . . . . . . . . . . . . . 36 17 . . . . . . . Explosions 160 | . . . 35 . 17 12 . . . . . 28 . . . . . 11 . . . . . . 20 . . 22 . . . 15 Melee 196 | . . . . . 55 . . . . . . . . 45 . . . . . . . 36 . . . 24 . . . 36 . . Knockbacks 7 | . . . . . . . . . . . 2 . . . . . . . . . . . . . . 1 . 2 1 1 . . Impact 7 | . . . . . . . . . . . 2 . . . . . . . . . . . . . . 1 . 2 1 1 . . Kinetic . | . . . . . . . . . . . . . . . . . . . . . . . . . . . . . . . . . Secondary . | . . . . . . . . . . . . . . . . . . . . . . . . . . . . . . . . . Self-Inflicted Damage 123 | . . . 26 . 1 . . . . . . . . . . . . . . . . . . . 96 . . . . . . . Shots 3 | . . . 1 . 1 . . . . . . . . . . . . . . . . . . . 1 . . . . . . . Rammed 17 | . 6 . 8 2 1 . . . . . . . . . . . . . . . . . . . . . . . . . . . Targets Rammed 57 | . 7 . 9 3 2 13 . . . . 6 . . . . 1 . . . . 1 2 . . 1 3 . 3 1 2 1 2 Kicked 37 | . . . . . 1 13 . . . . 6 . . . . 1 . . . . 1 2 . . 1 3 . 3 1 2 1 2 Crushed 3 | . 1 . 1 1 . . . . . . . . . . . . . . . . . . . . . . . . . . . . Highest Temperature 443 | . 283 78 136 268 114 443 231 177 . 18 90 99 21 105 93 398 209 316 45 15 200 200 132 112 307 165 376 172 . 100 56 104 Average Temperature 60 | . 80 27 35 49 29 112 103 80 . 18 20 43 14 44 31 104 139 105 22 10 76 61 61 64 107 65 100 50 . 23 19 20 Received Heat Transfer 4606 | . 156 57 264 165 531 900 . . . 30 564 201 . 42 9 237 . 153 . . 73 10 . . 72 . 45 315 80 193 44 465 Effects 6 | . . . . . . 3 . . . . . . . . . 1 . 1 . . . . . . . . 1 . . . . . Shutdowns 1 | . . . . . . . . . . . . . . . . 1 . . . . . . . . . . . . . . . . Energy Bleed 1 | . . . . . . . . . . . . . . . . . . 1 . . . . . . . . . . . . . . Interference 3 | . . . . . . 3 . . . . . . . . . . . . . . . . . . . . . . . . . . Damage (minor) 1 | . . . . . . . . . . . . . . . . . . . . . . . . . . . 1 . . . . . Siege Activations . | . . . . . . . . . . . . . . . . . . . . . . . . . . . . . . . . . Robots Corrupted 2 | . . . . . . . . . . . . . . . . . . . . . . . . . 2 . . . . . . . Combat Hostiles . | . . . . . . . . . . . . . . . . . . . . . . . . . . . . . . . . . Parts Fried 3 | . . . . . . . . . . . . . . . . . . . . . . 1 . . 2 . . . . . . . Impact Corruptions 4 | . . . . . 1 . . . . . . . . . . . . . . . . 1 . . . 1 . . . 1 . . Robots Melted 119 | . 2 . 3 2 2 2 . . . . 9 1 . 3 1 5 . 2 1 . 4 2 1 . 2 1 4 22 4 14 5 27 Combat Hostiles 108 | . 2 . 3 1 1 2 . . . . 8 1 . 3 1 5 . 2 1 . 2 2 1 . 1 . 3 22 4 12 5 26 Parts Melted 735 | . 8 . 24 17 19 25 . . . . 49 5 . 13 4 27 . 20 4 . 17 11 5 3 3 6 19 126 29 95 32 174 Heat Transferred 157636 | . 3515 888 9398 6919 8547 9404 . 37 . 296 12176 1350 100 1850 1750 7350 . 2622 950 100 3650 3502 1000 2258 2548 1650 3714 21282 6863 15115 6227 22575 Parts Sabotaged 2 | . . . . . . . . . . . . . . . . . . . . . . . . . . . . . . . . 2 Parts Stolen . | . . . . . . . . . . . . . . . . . . . . . . . . . . . . . . . . . Parts Stripped . | . . . . . . . . . . . . . . . . . . . . . . . . . . . . . . . . . Power Chain Reactions . | . . . . . . . . . . . . . . . . . . . . . . . . . . . . . . . . . Missiles Intercepted . | . . . . . . . . . . . . . . . . . . . . . . . . . . . . . . . . . Alert | -11 -10 -10 -9 -9 -8 -7 -7 -7 -7 -6 -6 -6 -6 -6 -5 -5 -5 -5 -5 -4 -4 -4 -4 -4 -4 -3 -3 -3 -2 -2 -1 -1 ------- Run | Scr Mat Min Mat Sto Mat Fac Low Low Zio Pro Fac Low Low Dat Pro Fac Upp Upp War Pro Fac Ext Cet Arc Hub Res Qua Sec Res Tes Acc Com Peak Influence 1670 | . 175 78 562 490 783 1000 . . . . 456 . . . . 320 . . . . 234 509 601 437 698 383 161 1011 1099 1149 961 1670 Initial 587 | . . 48 . 210 150 319 . . . . 12 . . . . 69 . . . . 126 24 230 240 82 317 . 75 533 454 587 388 Average 362 | . 91 31 230 338 388 438 . . . . 244 . . . . 98 . . . . 71 251 426 345 318 209 80 481 840 749 815 1044 Maximum Alert Level 5 | . . . 2 2 3 3 . . . . 2 . . . . 1 . . . . 1 2 2 2 2 1 . 3 3 4 3 5 Low Security (%) 41 | 100 100 100 40 17 32 21 . . . . 31 . . . . 94 . . . . 94 46 . . 42 60 100 28 . . . . Level 1 24 | . . . 44 41 22 25 . . . . 65 . . . . 5 . . . . 5 39 40 58 32 39 . 25 . . . 3 Level 2 15 | . . . 15 40 25 37 . . . . 3 . . . . . . . . . . 13 58 41 25 . . 12 15 41 13 8 Level 3 15 | . . . . . 20 15 . . . . . . . . . . . . . . . . . . . . . 33 84 53 86 46 Level 4 2 | . . . . . . . . . . . . . . . . . . . . . . . . . . . . . . 5 . 34 Level 5 . | . . . . . . . . . . . . . . . . . . . . . . . . . . . . . . . . . High Security . | . . . . . . . . . . . . . . . . . . . . . . . . . . . . . . . . 6 Max Security . | . . . . . . . . . . . . . . . . . . . . . . . . . . . . . . . . . Squads Dispatched 146 | . 4 . 5 6 13 20 . . . . 14 . . . . 4 . . . . 5 1 . . 4 7 4 18 2 10 9 20 Investigation 36 | . 1 . 3 . . 6 . . . . 4 . . . . 1 . . . . 2 1 . . 1 3 1 2 1 2 5 3 Extermination 27 | . . . . . . 4 . . . . 3 . . . . . . . . . 2 . . . . . 3 6 . 3 1 5 Reinforcement 45 | . 3 . 1 2 5 6 . . . . 6 . . . . 3 . . . . 1 . . . 2 4 . 5 1 2 1 3 Assault 22 | . . . 1 2 1 2 . . . . . . . . . . . . . . . . . . . . . 2 . 3 2 9 Garrison 16 | . . . . 2 7 2 . . . . 1 . . . . . . . . . . . . . 1 . . 3 . . . . Intercept . | . . . . . . . . . . . . . . . . . . . . . . . . . . . . . . . . . Construction Impeded 1 | . . . . . 1 . . . . . . . . . . . . . . . . . . . . . . . . . . . Haulers Reinforced 10 | . . . . . . 1 . . . . 3 . . . . . . . . . . . . . 1 1 . 1 1 2 . . Active Scanning Responses . | . . . . . . . . . . . . . . . . . . . . . . . . . . . . . . . . . Cargo Convoy Interrupts 1 | . . . . . . 1 . . . . . . . . . . . . . . . . . . . . . . . . . . Stealth | -11 -10 -10 -9 -9 -8 -7 -7 -7 -7 -6 -6 -6 -6 -6 -5 -5 -5 -5 -5 -4 -4 -4 -4 -4 -4 -3 -3 -3 -2 -2 -1 -1 --------- Run | Scr Mat Min Mat Sto Mat Fac Low Low Zio Pro Fac Low Low Dat Pro Fac Upp Upp War Pro Fac Ext Cet Arc Hub Res Qua Sec Res Tes Acc Com Distress Signals 35 | . 1 1 3 1 7 4 . . . . 1 . . . . . . . . . 1 . 2 . 1 4 . . 3 2 1 3 Communications Jammed 36 | . . . . . . . . . . . . . . . . . . . . . . . . . . . . 11 . 9 . 16 Distress Signals 35 | . . . . . . . . . . . . . . . . . . . . . . . . . . . . 10 . 9 . 16 Times Spotted 759 | . 30 5 42 50 68 61 . 6 . 1 47 10 . 4 3 24 . 8 19 5 15 21 14 22 14 16 13 69 21 54 22 95 Peak Tracking Total 19 | . 4 2 6 8 8 4 . 4 . 1 4 4 . 3 1 4 . 5 19 2 4 3 5 1 10 4 2 6 6 6 6 13 Tactical Retreats 22 | . 1 . 1 1 . . . 2 . . 4 . . . . 3 . . . . 1 . . . . 1 1 1 1 . . 5 Traps | -11 -10 -10 -9 -9 -8 -7 -7 -7 -7 -6 -6 -6 -6 -6 -5 -5 -5 -5 -5 -4 -4 -4 -4 -4 -4 -3 -3 -3 -2 -2 -1 -1 ------- Run | Scr Mat Min Mat Sto Mat Fac Low Low Zio Pro Fac Low Low Dat Pro Fac Upp Upp War Pro Fac Ext Cet Arc Hub Res Qua Sec Res Tes Acc Com Traps Triggered 26 | . . . 4 1 . 2 . . . . 5 . . . . . . . . . 2 5 . . . . 1 1 . . 4 1 Indirectly . | . . . . . . . . . . . . . . . . . . . . . . . . . . . . . . . . . Trap Hack Attempts . | . . . . . . . . . . . . . . . . . . . . . . . . . . . . . . . . . Triggered . | . . . . . . . . . . . . . . . . . . . . . . . . . . . . . . . . . Disarmed 6 | . . . . . . . . . . . . . . . . . . . . . . . . . . . 6 . . . . . Reprogrammed . | . . . . . . . . . . . . . . . . . . . . . . . . . . . . . . . . . Reused 2 | . . . . . . . . . . . . . . . 2 . . . . . . . . . . . . . . . . . Traps Extracted . | . . . . . . . . . . . . . . . . . . . . . . . . . . . . . . . . . Installed 11 | . . . . . . . . . . . . . . . 11 . . . . . . . . . . . . . . . . . Triggered 25 | . . . . . . 1 1 2 . . . 1 2 . 3 . . 2 13 . . . . . . . . . . . . . Machines | -11 -10 -10 -9 -9 -8 -7 -7 -7 -7 -6 -6 -6 -6 -6 -5 -5 -5 -5 -5 -4 -4 -4 -4 -4 -4 -3 -3 -3 -2 -2 -1 -1 ---------- Run | Scr Mat Min Mat Sto Mat Fac Low Low Zio Pro Fac Low Low Dat Pro Fac Upp Upp War Pro Fac Ext Cet Arc Hub Res Qua Sec Res Tes Acc Com Machines Disabled 54 | . . . 4 2 1 7 . . . . 1 . . 1 . 3 . . . . 2 1 . 1 9 . 4 7 1 7 . 3 Max in Single Turn 7 | . . . 3 1 1 3 . . . . 1 . . 1 . 1 . . . . 1 1 . 1 7 . 1 1 1 1 . 2 Garrison Access 13 | . . . . 1 1 1 . . . . 3 . . . . 2 . . . . . . . . . 1 1 . 2 . 1 . Phase Generator 1 | . . . . . . . . . . . . . . . . . . . . . . . . . . . . . . . . 1 Network Hub 1 | . . . . . . . . . . . . . . . . . . . . . . . . . 1 . . . . . . . Machines Sabotaged . | . . . . . . . . . . . . . . . . . . . . . . . . . . . . . . . . . Garrisons Compromised 1 | . . . . . . 1 . . . . . . . . . . . . . . . . . . . . . . . . . . Overloaded Fab Kills . | . . . . . . . . . . . . . . . . . . . . . . . . . . . . . . . . . Hacking | -11 -10 -10 -9 -9 -8 -7 -7 -7 -7 -6 -6 -6 -6 -6 -5 -5 -5 -5 -5 -4 -4 -4 -4 -4 -4 -3 -3 -3 -2 -2 -1 -1 --------- Run | Scr Mat Min Mat Sto Mat Fac Low Low Zio Pro Fac Low Low Dat Pro Fac Upp Upp War Pro Fac Ext Cet Arc Hub Res Qua Sec Res Tes Acc Com Machines Accessed 158 | . 7 . 9 12 6 13 . . . . 22 . . 4 . 8 . 1 2 . 7 11 1 . 4 2 10 11 3 6 14 5 Terminals 108 | . 5 . 7 9 3 9 . . . . 14 . . . . 4 . 1 . . 4 11 1 . 4 1 7 9 3 3 8 5 Fabricators 11 | . . . . . . 3 . . . . 3 . . . . 1 . . . . 1 . . . . . . . . 2 1 . Repair Stations 8 | . 1 . . 2 1 . . . . . 1 . . . . . . . . . 1 . . . . . 1 . . 1 . . Recycling Units 2 | . 1 . . . . . . . . . . . . . . . . . . . . . . . . . . . . . 1 . Scanalyzers 10 | . . . 2 . 1 1 . . . . 1 . . . . 1 . . . . 1 . . . . . 1 1 . . 1 . Garrison Access 13 | . . . . 1 1 . . . . . 3 . . . . 2 . . . . . . . . . 1 1 1 . . 3 . Total Hacks 483 | . 28 . 44 43 14 25 . . . . 52 . . 30 . 18 . 1 8 . 25 20 3 . 9 3 32 30 8 20 55 15 Successful 267 | . 16 . 24 28 6 10 . . . . 35 . . 30 . 9 . 1 8 . 15 13 1 . 4 1 21 13 2 8 20 2 Failed 214 | . 11 . 19 15 8 15 . . . . 17 . . . . 9 . . . . 10 7 2 . 5 2 11 17 6 12 35 13 Catastrophic 38 | . . . 2 1 1 2 . . . . 2 . . . . . . . . . 1 2 . . 1 . 1 5 2 4 8 6 Database Lockouts 2 | . 1 . 1 . . . . . . . . . . . . . . . . . . . . . . . . . . . . . Manual 180 | . 20 . 25 24 4 8 . . . . 29 . . . . 7 . . 1 . 13 5 1 . 5 . 13 7 3 1 14 . Terminals 317 | . 21 . 30 30 7 18 . . . . 37 . . . . 9 . 1 . . 13 20 3 . 9 2 24 25 8 10 35 15 Fabricators 29 | . . . . . . 5 . . . . 6 . . . . 3 . . . . 4 . . . . . . . . 8 3 . Repair Stations 36 | . 6 . . 10 2 . . . . . 4 . . . . . . . . . 7 . . . . . 5 . . 2 . . Recycling Units 4 | . 1 . . . . . . . . . . . . . . . . . . . . . . . . . . . . . 3 . Scanalyzers 34 | . . . 14 . 2 2 . . . . 2 . . . . 3 . . . . 1 . . . . . 1 3 . . 6 . Garrison Access 25 | . . . . 3 3 . . . . . 3 . . . . 3 . . . . . . . . . 1 2 2 . . 8 . Terminal Hacks 135 | . 4 . 10 11 . 4 . . . . 15 . . 30 . 1 . 1 8 . 4 10 1 . 2 . 9 8 2 1 12 2 Record 22 | . . . 2 . . . . . . . . . . 11 . . . 1 8 . . . . . . . . . . . . . Part Schematic 16 | . . . . . . . . . . . 3 . . 12 . . . . . . . 1 . . . . . . . . . . Robot Schematic 4 | . . . . . . . . . . . . . . 4 . . . . . . . . . . . . . . . . . . Robot Analysis 4 | . 1 . . 1 . . . . . . . . . . . . . . . . 1 . . . . . . . . . 1 . Prototype ID Bank 6 | . . . 1 1 . . . . . . 1 . . 3 . . . . . . . . . . . . . . . . . . Open Door 17 | . . . . 2 . . . . . . . . . . . . . . . . . 7 1 . . . . 4 . . 3 . Open DSF 5 | . . . . . . 2 . . . . 3 . . . . . . . . . . . . . . . . . . . . . Level Access Points 1 | . . . . . . . . . . . . . . . . . . . . . . . . . . . 1 . . . . . Branch Access Points 5 | . . . 1 . . . . . . . 1 . . . . 1 . . . . 1 . . . . . . . . . 1 . Emergency Access Points 1 | . . . . . . . . . . . . . . . . . . . . . . . . . . . . . . . . 1 Terminal Index 9 | . . . 1 1 . . . . . . 1 . . . . . . . . . . . . . 1 . 1 1 1 . 1 1 Fabricator Index 2 | . . . . . . . . . . . 1 . . . . . . . . . . . . . . . . . . . 1 . Repair Station Index 2 | . . . . . . . . . . . 1 . . . . . . . . . . . . . . . 1 . . . . . Scanalyzer Index 1 | . . . 1 . . . . . . . . . . . . . . . . . . . . . . . . . . . . . Alert Level 13 | . . . 2 2 . . . . . . 2 . . . . . . . . . 1 1 . . . . 3 1 . . 1 . Unreport Threat 11 | . . . 1 3 . 1 . . . . 1 . . . . . . . . . . 1 . . . . . 1 . 1 2 . Locate Traps 1 | . . . . . . . . . . . . . . . . . . . . . . . . . . . 1 . . . . . Disarm Traps 1 | . . . . . . . . . . . . . . . . . . . . . . . . . . . 1 . . . . . Recall Assault 1 | . . . . . . . . . . . . . . . . . . . . . . . . . . . . . . . 1 . Hauler Manifests 6 | . 1 . . . . 1 . . . . 1 . . . . . . . . . 1 . . . . . . . 1 . 1 . Zone Layout 7 | . 2 . 1 1 . . . . . . . . . . . . . . . . . . . . 1 . 1 1 . . . . Fabricator Hacks 16 | . . . . . . 2 . . . . 4 . . . . 2 . . . . 1 . . . . . . . . 5 2 . Load Schematic 10 | . . . . . . 1 . . . . 3 . . . . 1 . . . . 1 . . . . . . . . 3 1 . Build 6 | . . . . . . 1 . . . . 1 . . . . 1 . . . . . . . . . . . . . 2 1 . Repair Station Hacks 30 | . 6 . . 9 2 . . . . . 2 . . . . . . . . . 5 . . . . . 5 . . 1 . . Scan Component 17 | . 3 . . 5 1 . . . . . 1 . . . . . . . . . 3 . . . . . 3 . . 1 . . Repair 13 | . 3 . . 4 1 . . . . . 1 . . . . . . . . . 2 . . . . . 2 . . . . . Recycling Unit Hacks . | . . . . . . . . . . . . . . . . . . . . . . . . . . . . . . . . . Scanalyzer 23 | . . . 9 . 2 2 . . . . 2 . . . . 2 . . . . . . . . . . 1 2 . . 3 . Insert Component 11 | . . . 2 . 1 1 . . . . 1 . . . . 1 . . . . . . . . . . 1 2 . . 2 . Analyze 12 | . . . 7 . 1 1 . . . . 1 . . . . 1 . . . . . . . . . . . . . . 1 . Garrison Access Hacks 10 | . . . . 1 1 . . . . . 3 . . . . 2 . . . . . . . . . 1 1 . . . 1 . Seal Access 10 | . . . . 1 1 . . . . . 3 . . . . 2 . . . . . . . . . 1 1 . . . 1 . Unauthorized Hacks 53 | . 6 . 5 7 1 2 . . . . 9 . . . . 2 . . . . 5 3 . . 2 . 5 3 . 1 2 . Terminals 50 | . 5 . 5 7 1 2 . . . . 9 . . . . 2 . . . . 3 3 . . 2 . 5 3 . 1 2 . Assimilate 3 | . . . 1 . . . . . . . . . . . . 1 . . . . . . . . . . . . . 1 . . Botnet 46 | . 5 . 4 6 1 2 . . . . 9 . . . . 1 . . . . 3 3 . . 2 . 5 3 . . 2 . Operators 1 | . . . . 1 . . . . . . . . . . . . . . . . . . . . . . . . . . . . Fabricators 2 | . . . . . . . . . . . . . . . . . . . . . 2 . . . . . . . . . . . Report 1 | . . . . . . . . . . . . . . . . . . . . . 1 . . . . . . . . . . . Haulers 1 | . . . . . . . . . . . . . . . . . . . . . 1 . . . . . . . . . . . Repair Stations . | . . . . . . . . . . . . . . . . . . . . . . . . . . . . . . . . . Recycling Units 1 | . 1 . . . . . . . . . . . . . . . . . . . . . . . . . . . . . . . Tunnel 1 | . 1 . . . . . . . . . . . . . . . . . . . . . . . . . . . . . . . Scanalyzers . | . . . . . . . . . . . . . . . . . . . . . . . . . . . . . . . . . Garrison Access . | . . . . . . . . . . . . . . . . . . . . . . . . . . . . . . . . . Data Cores Recovered 1 | . . . . . . . . . . . . . . . . . . . . . . 1 . . . . . . . . . . Used . | . . . . . . . . . . . . . . . . . . . . . . . . . . . . . . . . . Hacking Detections 123 | . 5 . 9 10 5 10 . . . . 17 . . . . 7 . . . . 7 6 1 . 4 1 8 6 3 6 13 5 Full Trace Events 29 | . . . 2 . . 5 . . . . 4 . . . . 1 . . . . 2 . . . 1 . 1 2 1 2 5 3 Feedback Events 2 | . . . . . . . . . . . . . . . . . . . . . 1 . . . . . . . . . 1 . Corruption 2 | . . . . . . . . . . . . . . . . . . . . . 1 . . . . . . . . . 1 . Feedback Blocked . | . . . . . . . . . . . . . . . . . . . . . . . . . . . . . . . . . Robot Schematics Acquired 6 | . . . . . . . . . 2 . . . . 4 . . . . . . . . . . . . . . . . . . Robots Built 2 | . . . . . . 2 . . . . . . . . . . . . . . . . . . . . . . . . . . Authchips . | . . . . . . . . . . . . . . . . . . . . . . . . . . . . . . . . . Time 58 | . . . . . . 58 . . . . . . . . . . . . . . . . . . . . . . . . . . Total Robot Build Rating 6 | . . . . . . 6 . . . . . . . . . . . . . . . . . . . . . . . . . . Part Schematics Acquired 36 | . . . 1 . 1 1 . . 14 . 4 . . 12 . 1 . . . . . 1 . . . . . . . . 1 . Parts Built 10 | . . . . . . . . . . . 2 . . . . 2 . . . . . . . . . . . . . 4 2 . Authchips . | . . . . . . . . . . . . . . . . . . . . . . . . . . . . . . . . . Time 374 | . . . . . . . . . . . 47 . . . . 95 . . . . . . . . . . . . . 190 42 . Total Part Build Rating 56 | . . . . . . . . . . . 10 . . . . 10 . . . . . . . . . . . . . 20 16 . Parts Repaired 13 | . 3 . . 4 1 . . . . . 1 . . . . . . . . . 2 . . . . . 2 . . . . . Time 677 | . 78 . . 232 38 . . . . . 13 . . . . . . . . . 100 . . . . . 216 . . . . . Parts Recycled . | . . . . . . . . . . . . . . . . . . . . . . . . . . . . . . . . . Recycled Matter . | . . . . . . . . . . . . . . . . . . . . . . . . . . . . . . . . . Retrieved Matter . | . . . . . . . . . . . . . . . . . . . . . . . . . . . . . . . . . Retrieved Components . | . . . . . . . . . . . . . . . . . . . . . . . . . . . . . . . . . Parts Scanalyzed 7 | . . . 1 . 1 1 . . . . 1 . . . . 1 . . . . . . . . . . . . . . 2 . Part Schematics Acquired 6 | . . . 1 . 1 1 . . . . 1 . . . . 1 . . . . . . . . . . . . . . 1 . Parts Damaged . | . . . . . . . . . . . . . . . . . . . . . . . . . . . . . . . . . Bothacking | -11 -10 -10 -9 -9 -8 -7 -7 -7 -7 -6 -6 -6 -6 -6 -5 -5 -5 -5 -5 -4 -4 -4 -4 -4 -4 -3 -3 -3 -2 -2 -1 -1 ------------ Run | Scr Mat Min Mat Sto Mat Fac Low Low Zio Pro Fac Low Low Dat Pro Fac Upp Upp War Pro Fac Ext Cet Arc Hub Res Qua Sec Res Tes Acc Com Used RIF Installer . | . . . . . . . . . . . . . . . . . . . . . . . . . . . . . . . . . Robots Hacked . | . . . . . . . . . . . . . . . . . . . . . . . . . . . . . . . . . Non-combat . | . . . . . . . . . . . . . . . . . . . . . . . . . . . . . . . . . Combat . | . . . . . . . . . . . . . . . . . . . . . . . . . . . . . . . . . Robot Hacks Applied . | . . . . . . . . . . . . . . . . . . . . . . . . . . . . . . . . . Relay Couplers Released 7 | . . . . . . 3 . . . . . . . . . . . . . . . . . . . 3 . . 1 . . . Machine Destruction 4 | . . . . . . 3 . . . . . . . . . . . . . . . . . . . . . . 1 . . . Programmers 3 | . . . . . . . . . . . . . . . . . . . . . . . . . . 3 . . . . . . Robots Rewired 22 | . . . . . . . . . . . . . . . . . . . 5 . . 17 . . . . . . . . . . Allies Hacked . | . . . . . . . . . . . . . . . . . . . . . . . . . . . . . . . . . Hacks Repelled . | . . . . . . . . . . . . . . . . . . . . . . . . . . . . . . . . . Allies | -11 -10 -10 -9 -9 -8 -7 -7 -7 -7 -6 -6 -6 -6 -6 -5 -5 -5 -5 -5 -4 -4 -4 -4 -4 -4 -3 -3 -3 -2 -2 -1 -1 -------- Run | Scr Mat Min Mat Sto Mat Fac Low Low Zio Pro Fac Low Low Dat Pro Fac Upp Upp War Pro Fac Ext Cet Arc Hub Res Qua Sec Res Tes Acc Com Total Allies 54 | . . . 1 12 . 2 . . . . . . . . . 1 . . 5 . . 27 5 . . . . . . 1 . . Largest Group 20 | . . . 1 10 1 2 . . . . . . . . . 1 . . 5 5 5 19 20 15 13 . . . . 1 . . Highest-Rated Group 1185 | . . . 10 118 16 42 . . . . . . . . . 26 . . 291 291 291 888 1185 910 718 . . . . 26 . . Highest-Rated Ally 159 | . . . 10 31 16 21 . . . . . . . . . 26 . . 68 68 68 159 143 143 95 . . . . 26 . . Total Orders 8 | . . . 1 . 2 . . . . . . . . . . . . . . . . . 2 2 1 . . . . . . . STAY 5 | . . . 1 . 1 . . . . . . . . . . . . . . . . . 1 1 1 . . . . . . . FOLLOW 3 | . . . . . 1 . . . . . . . . . . . . . . . . . 1 1 . . . . . . . . Ally Attacks 450 | . . . . 87 5 15 . . . . . . . . . . . . 11 13 18 148 81 19 53 . . . . . . . Total Damage 12854 | . . . . 1021 39 370 . . . . . . . . . . . . 815 651 845 4428 2692 590 1403 . . . . . . . Kills 78 | . . . . 15 1 3 . . . . . . . . . . . . 7 5 4 21 14 4 4 . . . . . . . Allies Corrupted 6 | . . . 1 1 . . . . . . . . . . . . . . . . . . . . 4 . . . . . . . Allies Melted 1 | . . . . . . . . . . . . . . . . . . . 1 . . . . . . . . . . . . . Intel | -11 -10 -10 -9 -9 -8 -7 -7 -7 -7 -6 -6 -6 -6 -6 -5 -5 -5 -5 -5 -4 -4 -4 -4 -4 -4 -3 -3 -3 -2 -2 -1 -1 ------- Run | Scr Mat Min Mat Sto Mat Fac Low Low Zio Pro Fac Low Low Dat Pro Fac Upp Upp War Pro Fac Ext Cet Arc Hub Res Qua Sec Res Tes Acc Com Robot Analysis Total 4 | . 1 . . 1 . . . . . . . . . . . . . . . . 1 . . . . . . . . . 1 . Derelict Logs Recovered 11 | . . . . . . . 1 2 2 2 . . . . . . 1 1 . 2 . . . . . . . . . . . . Drone Launches . | . . . . . . . . . . . . . . . . . . . . . . . . . . . . . . . . . Drone Recoveries . | . . . . . . . . . . . . . . . . . . . . . . . . . . . . . . . . . Exploration | -11 -10 -10 -9 -9 -8 -7 -7 -7 -7 -6 -6 -6 -6 -6 -5 -5 -5 -5 -5 -4 -4 -4 -4 -4 -4 -3 -3 -3 -2 -2 -1 -1 ------------- Run | Scr Mat Min Mat Sto Mat Fac Low Low Zio Pro Fac Low Low Dat Pro Fac Upp Upp War Pro Fac Ext Cet Arc Hub Res Qua Sec Res Tes Acc Com Turns Passed 40416 | 85 2333 1231 2029 2515 1671 3129 616 629 1257 391 3690 954 738 384 1260 1175 617 685 785 322 1406 1239 359 590 369 1230 1460 2006 886 1299 1089 1987 Spaces Moved 20710 | 59 905 481 632 805 587 1442 481 439 981 298 1517 406 388 150 589 582 379 435 589 267 1028 720 162 158 194 623 1029 1094 638 624 761 1267 Core 28 | 26 . . . . . 2 . . . . . . . . . . . . . . . . . . . . . . . . . . Treads 3175 | 33 905 481 632 805 319 . . . . . . . . . . . . . . . . . . . . . . . . . . . Legs 17501 | . . . . . 262 1440 481 439 981 298 1517 406 388 150 589 582 379 435 589 267 1028 720 162 158 194 623 1029 1094 638 624 761 1267 Wheels 6 | . . . . . 6 . . . . . . . . . . . . . . . . . . . . . . . . . . . Hover . | . . . . . . . . . . . . . . . . . . . . . . . . . . . . . . . . . Flight . | . . . . . . . . . . . . . . . . . . . . . . . . . . . . . . . . . Fastest Speed 50 | 50 160 240 240 240 155 112 112 112 112 120 120 187 187 187 190 120 124 112 100 100 100 106 110 110 110 110 110 110 110 110 113 110 Average Speed 145 | 124 217 240 240 240 191 157 112 112 116 121 188 187 187 187 193 123 124 132 110 100 102 107 110 110 110 110 114 110 110 113 113 113 Slowest Speed 1150 | 160 240 240 240 240 240 1150 112 112 187 190 190 190 187 190 195 124 124 190 114 100 106 110 110 110 110 110 184 110 110 116 113 175 Overloaded Moves . | . . . . . . . . . . . . . . . . . . . . . . . . . . . . . . . . . Propulsion Burnouts . | . . . . . . . . . . . . . . . . . . . . . . . . . . . . . . . . . Robots Hopped . | . . . . . . . . . . . . . . . . . . . . . . . . . . . . . . . . . Cave-ins Triggered . | . . . . . . . . . . . . . . . . . . . . . . . . . . . . . . . . . Teleports 3 | . . . . . . . . . . . . . . . . . . . . . . . . . . . . 2 . . 1 . Exploration Rate (%) 55 | 5 98 77 62 96 60 31 64 62 83 50 46 61 58 80 58 16 55 65 79 41 21 83 65 74 19 16 73 67 20 61 25 46 Regions Visited 32 Branch Regions 22 Pre-discovered Areas 5 | . 1 . . . . . . . 3 . . . . 1 . . . . . . . . . . . . . . . . . . Known Exits Taken 27 | . . . 1 . . 1 1 1 1 1 1 1 1 1 1 1 1 1 1 1 1 1 1 1 1 1 1 1 1 1 1 . Unknown Exits Taken 5 | 1 1 1 . 1 1 . . . . . . . . . . . . . . . . . . . . . . . . . . . Scrap Searched 24 | . . 2 . . . . 2 2 5 2 . 4 2 . 1 . 1 2 . 1 . . . . . . . . . . . . Spaces Dug 131 | . . . . . 2 7 . 1 . 1 22 1 . . 32 12 . . . 4 8 . . . 4 . 11 7 . 4 10 5 Terrain Destroyed 656 | . . . 37 . 35 54 . 1 . 1 22 82 . . 59 15 . 17 . 4 30 . . . 163 . 17 29 3 4 10 73 Melee 20 | . . . . . 2 7 . 1 . . 9 . . . . 1 . . . . . . . . . . . . . . . . Projectile 104 | . . . . . 2 3 . . . 1 . 3 . . 20 14 . . . 4 3 . . . 6 . 17 7 3 4 10 7 AOE 532 | . . . 37 . 31 44 . . . . 13 79 . . 39 . . 17 . . 27 . . . 157 . . 22 . . . 66 Terrain Rammed . | . . . . . . . . . . . . . . . . . . . . . . . . . . . . . . . . . Walls Destroyed . | . . . . . . . . . . . . . . . . . . . . . . . . . . . . . . . . . Machines Disabled . | . . . . . . . . . . . . . . . . . . . . . . . . . . . . . . . . . Actions | -11 -10 -10 -9 -9 -8 -7 -7 -7 -7 -6 -6 -6 -6 -6 -5 -5 -5 -5 -5 -4 -4 -4 -4 -4 -4 -3 -3 -3 -2 -2 -1 -1 --------- Run | Scr Mat Min Mat Sto Mat Fac Low Low Zio Pro Fac Low Low Dat Pro Fac Upp Upp War Pro Fac Ext Cet Arc Hub Res Qua Sec Res Tes Acc Com Total 27944 | 68 1150 536 899 1247 909 1965 557 576 1094 322 2040 560 401 209 661 894 526 493 714 315 1316 1143 334 513 301 1146 1250 1583 748 982 902 1590 Wait 4013 | . 139 27 79 306 136 223 69 121 70 13 219 120 2 12 19 169 144 12 36 35 191 312 155 299 58 473 78 177 13 131 70 105 Move 20678 | 58 904 480 631 804 586 1442 480 438 980 297 1516 405 387 149 588 581 378 434 588 266 1027 719 161 157 193 622 1028 1093 637 623 760 1266 Hop . | . . . . . . . . . . . . . . . . . . . . . . . . . . . . . . . . . Pick Up 290 | 4 19 6 15 9 19 27 1 4 3 3 43 2 5 5 2 14 1 4 8 3 7 3 2 1 . 6 11 26 10 9 6 12 Fast Attach 170 | 6 6 . 9 3 5 7 2 2 11 . 16 1 . 4 1 6 . 1 13 . 8 3 1 4 . 3 19 15 7 14 2 1 Attach 121 | . 2 1 3 1 7 23 . . . 1 12 2 . 2 . 9 1 2 2 . 3 1 . 1 1 3 5 18 3 4 5 9 Detach 16 | . . . . . . 5 . . . . 1 . . . . 2 . . . . . . . . . 1 4 . . 3 . . Swap 475 | . 5 3 15 25 20 50 2 2 8 4 53 13 1 5 5 29 1 11 4 3 22 15 8 5 9 9 17 47 14 29 9 32 Drop 385 | . 9 6 30 28 26 13 3 7 18 1 40 . 5 9 3 11 1 3 22 3 14 8 3 5 . 11 32 18 17 28 1 10 Fire 1616 | . 59 13 108 68 104 152 . 1 4 3 125 17 1 14 32 71 . 26 7 5 42 42 4 41 39 15 52 186 46 139 48 152 Melee 35 | . . . . . 4 7 . 1 . . 9 . . 9 . 1 . . . . . . . . . . 4 . . . . . Ram . | . . . . . . . . . . . . . . . . . . . . . . . . . . . . . . . . . Kick 36 | . . . . . 1 12 . . . . 6 . . . . 1 . . . . 1 2 . . 1 3 . 3 1 2 1 2 Crush 20 | . 7 . 9 3 1 . . . . . . . . . . . . . . . . . . . . . . . . . . . Escape Stasis 9 | . . . . . . 4 . . . . . . . . . . . . . . 1 4 . . . . . . . . . . Rewire 69 | . . . . . . . . . . . . . . . . . . . 34 . . 34 . . . . . . . . . 1 Trap 11 | . . . . . . . . . . . . . . . 11 . . . . . . . . . . . . . . . . . Miscellaneous . | . . . . . . . . . . . . . . . . . . . . . . . . . . . . . . . . . Route ------- -11/Scrapyard -10/Materials (discovered 5 exits: *Mat x3 / [*Min x2]) -10/Mines -9/Materials (discovered 4 exits: *Mat / Min / *Sto x2) -9/Storage -8/Materials (discovered 2 exits: *Fac x2) -7/Factory -7/Lower Caves -7/Lower Caves -7/Zion -6/Proximity Caves -6/Factory (discovered 5 exits: *Fac x3 / *Low x2) -6/Lower Caves -6/Lower Caves -6/Data Miner -5/Proximity Caves -5/Factory (discovered 2 exits: *Upp x2) -5/Upper Caves -5/Upper Caves -5/Warlord -4/Proximity Caves -4/Factory (discovered 6 exits: *Res / *Upp x2 / *Ext x2 / Arm) -4/Extension (discovered 2 exits: *Res / *Cet) -4/Cetus (discovered 2 exits: *Res / *Arc) -4/Archives (discovered 3 exits: *Res / *Hub x2) -4/Hub_04(d) (discovered 2 exits: *Res x2) -3/Research (discovered 2 exits: *Res / *Qua) -3/Quarantine (discovered 2 exits: *Res / *Sec) -3/Section 7 -2/Research (discovered 2 exits: *Acc / *Tes) -2/Testing -1/Access -1/Command To Epsilon Eridani History --------- Turn | Location | Event 2 | -11/Scrapyard | Met Revision 17 17 | -11/Scrapyard | Discovered new exit (range 15) 86 | -11/Scrapyard | Entered Materials 172 | -10/Materials | Discovered new exit (range 10) 312 | -10/Materials | Build established: Mutant 588 | -10/Materials | Discovered new exit (range 8) 601 | -10/Materials | Central database locked down 1218 | -10/Materials | Discovered new exit (range 10) 1526 | -10/Materials | Discovered new exit (range 9) 1662 | -10/Materials | Discovered new exit (range 5) 1796 | -10/Materials | Repaired Lgt. Treads 1823 | -10/Materials | Repaired Lgt. Treads 1851 | -10/Materials | Repaired Lgt. Treads 2419 | -10/Materials | Entered Mines 2488 | -10/Mines | Assembled infested the area 2858 | -10/Mines | Discovered new exit (range 8) 2865 | -10/Mines | Received a Rocket Launcher from a helpful Derelict 3318 | -10/Mines | Found a damaged Exp. Sensor Array with a note attached 3325 | -10/Mines | Found Prototype Device 3650 | -10/Mines | Entered Materials 3650 | -9/Materials | Evolved 2 slots: Utility x1, Weapon x1 4165 | -9/Materials | Discovered new exit (range 15) 4353 | -9/Materials | Identified exit to Mines 4353 | -9/Materials | Identified exit to Storage 4353 | -9/Materials | Central database locked down 4438 | -9/Materials | Build established: Tank 4654 | -9/Materials | Destroyed 9 combat bots 4740 | -9/Materials | Discovered new exit (range 16) 5228 | -9/Materials | Identified Exp. Sensor Array 5650 | -9/Materials | First assault squad dispatched 5679 | -9/Materials | Entered Storage 6341 | -9/Storage | Repaired Broken Exp. Sensor Array 6391 | -9/Storage | Core integrity fell below 50% 6405 | -9/Storage | Garrison activated, responded to threat 6456 | -9/Storage | Destroyed 10 combat bots 6476 | -9/Storage | Build established: Scavenger-Tank 6735 | -9/Storage | Assisted by bots powering up and referring to "LRC-V3" 7000 | -9/Storage | Repaired Cooling System 7033 | -9/Storage | Repaired Med. Laser 7267 | -9/Storage | Met a pair of Derelict thieves 7343 | -9/Storage | Discovered new exit (range 8) 8000 | -9/Storage | Repaired Carbon-fiber Leg 8192 | -9/Storage | System corruption reached 10% 8194 | -9/Storage | Entered Materials 8194 | -8/Materials | Accompanied by 1 ally 8194 | -8/Materials | Evolved 2 slots: Propulsion x1, Utility x1 8555 | -8/Materials | Discovered new exit (range 16) 8953 | -8/Materials | Garrison activated, responded to threat 9085 | -8/Materials | Garrison activated, responded to threat 9131 | -8/Materials | Destroyed 8 combat bots 9329 | -8/Materials | Repaired Hrd. Medium Armor Plating 9471 | -8/Materials | Destroyed 9 combat bots 9536 | -8/Materials | Discovered new exit (range 15) 9721 | -8/Materials | Build established: Tank 9794 | -8/Materials | First assault squad dispatched 9865 | -8/Materials | Entered Factory 9865 | -7/Factory | Evolved 2 slots: Propulsion x1, Utility x1 10174 | -7/Factory | Build established: Skirmisher 10265 | -7/Factory | Discovered new exit (range 15) 10291 | -7/Factory | Identified exit to Lower Caves 10756 | -7/Factory | Cargo convoy interrupted 10784 | -7/Factory | Build established: Mutant 11287 | -7/Factory | Build established: Skirmisher 11580 | -7/Factory | Lost 11 parts (1p4n1u5w) 11865 | -7/Factory | First assault squad dispatched 12241 | -7/Factory | Core integrity fell below 50% 12770 | -7/Factory | Fabricated H-55 Commando (x2) 12814 | -7/Factory | P-60 Hacker assimilated allied Commando 4a 12994 | -7/Factory | Entered Lower Caves 13284 | -7/Lower Caves | Build established: Scavenger-Skirmisher 13312 | -7/Lower Caves | Learned Factory garrison access intel 13357 | -7/Lower Caves | Encountered a Warlord checkpoint 13573 | -7/Lower Caves | Discovered new exit (range 6) 13578 | -7/Lower Caves | Identified exit to Lower Caves 13610 | -7/Lower Caves | Entered another Lower Caves area 13764 | -7/Lower Caves | Ambushed by wild Derelicts 13796 | -7/Lower Caves | P-60 Hacker assimilated allied G5-76D(l) 13807 | -7/Lower Caves | Learned 4 Factory zone layouts 13815 | -7/Lower Caves | Encountered a Warlord checkpoint 13948 | -7/Lower Caves | Learned Factory stockpile data 13997 | -7/Lower Caves | Spotted B-75 Beast 14131 | -7/Lower Caves | Discovered new exit (range 6) 14140 | -7/Lower Caves | Identified exit to Zion 14239 | -7/Lower Caves | Entered Zion 14275 | -7/Zion | System corruption cleaned by Quarantine Array 14395 | -7/Zion | Discovered new exit (range 14) 14578 | -7/Zion | Found Prototype Special Weapon 14578 | -7/Zion | Identified RU-N14's Throwing Claymores 14729 | -7/Zion | Learned location of Quarantine (-3) 14805 | -7/Zion | Learned location of Warlord (-5) 14909 | -7/Zion | Given the Hacking Drone Bay 14981 | -7/Zion | Found Unknown Piercing Weapon 14985 | -7/Zion | Identified CR-A16's Pointy Stick 15004 | -7/Zion | Learned Factory emergency access door positions 15005 | -7/Zion | Learned 8 Factory zone layouts 15495 | -7/Zion | Identified exit to Proximity Caves 15496 | -7/Zion | Entered Proximity Caves 15690 | -6/Proximity Caves | Learned Factory stockpile data 15761 | -6/Proximity Caves | Learned Factory garrison access intel 15777 | -6/Proximity Caves | Attracted the attention of an 0b10 checkpoint 15823 | -6/Proximity Caves | Discovered new exit (range 13) 15886 | -6/Proximity Caves | Identified exit to Factory 15887 | -6/Proximity Caves | Entered Factory 15887 | -6/Factory | Evolved 2 slots: Power x1, Utility x1 15888 | -6/Factory | Identified exit to Factory 15891 | -6/Factory | Loaded intel: 4 garrison access locations 16489 | -6/Factory | Discovered new exit (range 12) 16597 | -6/Factory | Identified exit to Lower Caves 17271 | -6/Factory | Lost 3 parts (1n2w) 17425 | -6/Factory | Discovered exit to Factory (range 4) 17867 | -6/Factory | Fabricated Plasma Rifle? 18828 | -6/Factory | Repaired Hcp. Storage Unit 19289 | -6/Factory | Build established: Skirmisher 19524 | -6/Factory | Garrison activated, responded to threat 19577 | -6/Factory | Entered Lower Caves 20121 | -6/Lower Caves | Spotted B-75 Beast 20143 | -6/Lower Caves | Destroyed B-75 Beast 20409 | -6/Lower Caves | Discovered new exit (range 15) 20410 | -6/Lower Caves | Encountered a Warlord checkpoint 20431 | -6/Lower Caves | Identified exit to Lower Caves 20531 | -6/Lower Caves | Entered another Lower Caves area 20614 | -6/Lower Caves | Encountered a Warlord checkpoint 21236 | -6/Lower Caves | Discovered new exit (range 5) 21243 | -6/Lower Caves | Identified exit to Data Miner 21269 | -6/Lower Caves | Entered Data Miner 21269 | -6/Data Miner | Discovered new exit (range 6) 21305 | -6/Data Miner | Met Data Miner 21344 | -6/Data Miner | Learned location of Section 7 (-3) 21344 | -6/Data Miner | Acquired the access code to Warlord's prototype stash 21372 | -6/Data Miner | Received God Mode back door access code from Data Miner 21436 | -6/Data Miner | Data Conduit disabled 21558 | -6/Data Miner | Found Prototype Device 21558 | -6/Data Miner | Identified Exp. Thermal Shield 21651 | -6/Data Miner | Identified exit to Proximity Caves 21653 | -6/Data Miner | Entered Proximity Caves 21899 | -5/Proximity Caves | Build established: Scavenger-Skirmisher 22209 | -5/Proximity Caves | Spotted B-75 Beast 22216 | -5/Proximity Caves | Destroyed B-75 Beast 22828 | -5/Proximity Caves | Build established: Mutant 22868 | -5/Proximity Caves | Core integrity fell below 50% 22899 | -5/Proximity Caves | Discovered exit to Factory (range 7) 22913 | -5/Proximity Caves | Entered Factory 22913 | -5/Factory | Evolved 2 slots: Propulsion x1, Utility x1 22915 | -5/Factory | Loaded intel: 3 garrison access locations 23213 | -5/Factory | Identified exit to Upper Caves 23278 | -5/Factory | Build established: Derelict-Skirmisher 23611 | -5/Factory | Lost 4 parts (1n2u1w) 23767 | -5/Factory | Spotted B-75 Beast 23793 | -5/Factory | Destroyed B-75 Beast 24035 | -5/Factory | Fabricated Plasma Rifle (x2) 24088 | -5/Factory | Entered Upper Caves 24208 | -5/Upper Caves | Learned location of 1 exit from Proximity Caves 24397 | -5/Upper Caves | Build established: Scavenger-Skirmisher 24683 | -5/Upper Caves | Discovered new exit (range 13) 24704 | -5/Upper Caves | Identified exit to Upper Caves 24705 | -5/Upper Caves | Entered another Upper Caves area 24892 | -5/Upper Caves | Spotted B-75 Beast 24955 | -5/Upper Caves | Destroyed B-75 Beast 24995 | -5/Upper Caves | Attracted the attention of an 0b10 checkpoint 25189 | -5/Upper Caves | Learned Factory terminal intel 25284 | -5/Upper Caves | Discovered new exit (range 12) 25389 | -5/Upper Caves | Identified exit to Warlord 25390 | -5/Upper Caves | Entered Warlord 25421 | -5/Warlord | System corruption reached 10% 25430 | -5/Warlord | System corruption cleaned by Quarantine Array 25517 | -5/Warlord | Found Prototype Device 25517 | -5/Warlord | Identified Minesniffer Drone Bay 25645 | -5/Warlord | Met Warlord 25659 | -5/Warlord | Opened Warlord's prototype stash 25666 | -5/Warlord | Found Prototype Device 25666 | -5/Warlord | Identified Exp. Focal Shield 25670 | -5/Warlord | Warlord's base attacked by MAIN.C 25677 | -5/Warlord | Found Prototype Reactor 25684 | -5/Warlord | Found Prototype Device 25684 | -5/Warlord | Identified Exp. Cloaking Device 25708 | -5/Warlord | Found Prototype Hackware 26020 | -5/Warlord | Warlord forces counterattacked 26101 | -5/Warlord | Spotted Striker 26101 | -5/Warlord | Spotted Striker 26104 | -5/Warlord | Spotted Executioner 26114 | -5/Warlord | Spotted Executioner 26121 | -5/Warlord | Allies destroyed Executioner 26148 | -5/Warlord | Discovered new exit (range 15) 26160 | -5/Warlord | Identified exit to Proximity Caves 26175 | -5/Warlord | Entered Proximity Caves 26175 | -4/Proximity Caves | Accompanied by 5 allies 26176 | -4/Proximity Caves | Identified exit to Factory 26366 | -4/Proximity Caves | Encountered a Derelict sapper outpost 26410 | -4/Proximity Caves | Learned Research trap positions 26497 | -4/Proximity Caves | Entered Factory 26497 | -4/Factory | Accompanied by 5 allies 26497 | -4/Factory | Evolved 2 slots: Utility x2 26498 | -4/Factory | Loaded intel: 28 terminal locations 26498 | -4/Factory | Identified System Mapper 26588 | -4/Factory | Repaired Imp. Cooling System 26646 | -4/Factory | Repaired Imp. Weapon Cycler 26750 | -4/Factory | Spotted B-86 Titan 26757 | -4/Factory | Allies destroyed B-86 Titan 26826 | -4/Factory | Discovered new exit (range 16) 26861 | -4/Factory | Identified exit to Research 26997 | -4/Factory | Discovered new exit (range 7) 27002 | -4/Factory | Identified exit to Upper Caves 27716 | -4/Factory | Identified exit to Extension 27716 | -4/Factory | Identified exit to Armory 27903 | -4/Factory | Entered Extension 27978 | -4/Extension | Rescued a captive Derelict 28014 | -4/Extension | Rescued a captive Derelict 28015 | -4/Extension | Rescued a captive Derelict 28026 | -4/Extension | Rescued A7 28674 | -4/Extension | Spotted B-86 Titan 28685 | -4/Extension | Allies destroyed B-86 Titan 28693 | -4/Extension | Spotted B-86 Titan 28706 | -4/Extension | Allies destroyed B-86 Titan 28781 | -4/Extension | Rescued a captive Derelict 28782 | -4/Extension | Rescued a captive Derelict 28806 | -4/Extension | Rescued a captive Derelict 28808 | -4/Extension | Rescued a captive Derelict 29050 | -4/Extension | Rescued a captive Derelict 29069 | -4/Extension | Rescued a captive Derelict 29070 | -4/Extension | Rescued a captive Derelict 29092 | -4/Extension | Discovered exit to Research (range 10) 29093 | -4/Extension | Discovered new exit (range 6) 29117 | -4/Extension | Identified exit to Cetus 29141 | -4/Extension | Disrupted transfer network 29142 | -4/Extension | Entered Cetus 29142 | -4/Cetus | Accompanied by 19 allies (A7) 29147 | -4/Cetus | Acquired a Cetus Manufacturing Module code from A7 29162 | -4/Cetus | Spotted Cetus Guard 29163 | -4/Cetus | Spotted Cetus Guard 29163 | -4/Cetus | Spotted Cetus Guard 29167 | -4/Cetus | Spotted Cetus Guard 29175 | -4/Cetus | Allies destroyed Cetus Guard 29176 | -4/Cetus | Allies destroyed Cetus Guard 29176 | -4/Cetus | Allies destroyed Cetus Guard 29236 | -4/Cetus | Started Cetus Manufacturing Module 29244 | -4/Cetus | Escorted A7 to Cetus Mainframe 29261 | -4/Cetus | Manufactured an Enhanced Grunt 29286 | -4/Cetus | Manufactured an Enhanced Grunt 29311 | -4/Cetus | Manufactured an Enhanced Grunt 29336 | -4/Cetus | Manufactured an Enhanced Grunt 29361 | -4/Cetus | Manufactured an Enhanced Grunt 29389 | -4/Cetus | Discovered new exit (range 15) 29415 | -4/Cetus | Spotted Cetus Guard 29415 | -4/Cetus | Spotted Cetus Guard 29417 | -4/Cetus | Spotted Cetus Guard 29417 | -4/Cetus | Spotted Cetus Guard 29421 | -4/Cetus | Allies destroyed Cetus Guard 29424 | -4/Cetus | Destroyed Cetus Guard 29433 | -4/Cetus | Allies destroyed Cetus Guard 29434 | -4/Cetus | Allies destroyed Cetus Guard 29442 | -4/Cetus | Discovered exit to Research (range 15) 29482 | -4/Cetus | Identified exit to Archives 29501 | -4/Cetus | Entered Archives 29501 | -4/Archives | Accompanied by 15 allies (A7) 29506 | -4/Archives | Received a hacking code to weaken MAIN.C 29589 | -4/Archives | Discovered new exit (range 16) 29626 | -4/Archives | Discovered new exit (range 15) 29665 | -4/Archives | Discovered exit to Research (range 16) 30071 | -4/Archives | Identified exit to Hub_04(d) 30091 | -4/Archives | Entered Hub_04(d) 30091 | -4/Hub_04(d) | Accompanied by 13 allies 30274 | -4/Hub_04(d) | Discovered exit to Research (range 9) 30276 | -4/Hub_04(d) | Discovered exit to Research (range 20) 30367 | -4/Hub_04(d) | Network Hub disabled 30410 | -4/Hub_04(d) | Spotted Lightning 30410 | -4/Hub_04(d) | Spotted Lightning 30410 | -4/Hub_04(d) | Spotted Lightning 30418 | -4/Hub_04(d) | Garrison activated, responded to threat 30459 | -4/Hub_04(d) | System corruption reached 10% 30460 | -4/Hub_04(d) | Entered Research 30460 | -3/Research | Evolved 2 slots: Utility x2 30461 | -3/Research | Identified exit to Quarantine 30462 | -3/Research | Loaded intel: 60 trap records 30660 | -3/Research | Revision forces began assault on 0b10 30765 | -3/Research | Build established: Scavenger-Gunner 30769 | -3/Research | Met up with Revision 17++ 30971 | -3/Research | Discovered new exit (range 16) 31160 | -3/Research | Research terminal network offline 31690 | -3/Research | Entered Quarantine 31697 | -3/Quarantine | Identified Vortex Chain Reactor 31712 | -3/Quarantine | Found Alien Impact Weapon 31732 | -3/Quarantine | Identified exit to Research 31830 | -3/Quarantine | Found Alien Artifact 32241 | -3/Quarantine | Found Alien Artifact 32276 | -3/Quarantine | Identified Core Reset Matrix 32474 | -3/Quarantine | Cryocooling Duct disabled 32489 | -3/Quarantine | Ambient heat levels rising (+20) 32489 | -3/Quarantine | Non-combat units ordered to evacuate 32526 | -3/Quarantine | Repaired Enh. Biometal Leg? 32653 | -3/Quarantine | Repaired Exp. Myomer Leg 32817 | -3/Quarantine | Spotted Alpha 7 32829 | -3/Quarantine | Destroyed Alpha 7 32841 | -3/Quarantine | Found Prototype Processor 32841 | -3/Quarantine | Identified Exp. Target Analyzer 32960 | -3/Quarantine | Identified Core Stripper 32976 | -3/Quarantine | Spotted Fortress 32993 | -3/Quarantine | Destroyed Fortress 33001 | -3/Quarantine | Found Prototype Protection 33001 | -3/Quarantine | Identified Centrium Heavy Armor Plating 33046 | -3/Quarantine | Found Prototype Device 33046 | -3/Quarantine | Identified Thermal Barrier 33049 | -3/Quarantine | Found Prototype Device 33049 | -3/Quarantine | Identified Exp. Force Field 33062 | -3/Quarantine | Found Prototype Device 33062 | -3/Quarantine | Identified EM Dispersion Field 33073 | -3/Quarantine | Found Vortex Chain Reactor 33145 | -3/Quarantine | Discovered new exit (range 5) 33148 | -3/Quarantine | Identified exit to Section 7 33150 | -3/Quarantine | Entered Section 7 33172 | -3/Section 7 | Found Alien Artifact 33172 | -3/Section 7 | Identified Integrity Redistributor 33172 | -3/Section 7 | Used Integrity Redistributor, redistributed integrity from core (-93) 33201 | -3/Section 7 | Found Alien Artifact 33201 | -3/Section 7 | Identified Integrated Reactor 33201 | -3/Section 7 | Installed Integrated Reactor, increased core energy generation (+10) 33285 | -3/Section 7 | Identified Subatomic Replicator 33335 | -3/Section 7 | Spotted S7 Guard 33355 | -3/Section 7 | Found Alien Artifact 33373 | -3/Section 7 | Destroyed S7 Guard 33413 | -3/Section 7 | Identified Integrated Heat Negator 33416 | -3/Section 7 | Used Subatomic Replicator to replicate Integrated Heat Negator 33417 | -3/Section 7 | Installed Integrated Heat Negator, increased core heat dissipation (+40) 33420 | -3/Section 7 | Installed Integrated Heat Negator, increased core heat dissipation (+40) 33538 | -3/Section 7 | Found Integrated Reactor 33538 | -3/Section 7 | Installed Integrated Reactor, increased core energy generation (+10) 33789 | -3/Section 7 | Spotted B-86 Titan 33800 | -3/Section 7 | Destroyed B-86 Titan 34119 | -3/Section 7 | Spotted S7 Guard 34139 | -3/Section 7 | Found Alien Artifact 34139 | -3/Section 7 | Identified Core Membrane 34139 | -3/Section 7 | Installed Core Membrane, gained immunity to corruption 34149 | -3/Section 7 | Destroyed S7 Guard 34332 | -3/Section 7 | Garrison activated, responded to threat 34361 | -3/Section 7 | Destroyed 7 combat bots 34373 | -3/Section 7 | Discovered exit to Research (range 13) 34397 | -3/Section 7 | Spotted S7 Guard 34424 | -3/Section 7 | Destroyed S7 Guard 34438 | -3/Section 7 | First assault squad dispatched 34490 | -3/Section 7 | Found Alien Artifact 34491 | -3/Section 7 | Identified Core Regenerator 34491 | -3/Section 7 | Used Core Regenerator, restored core integrity (+325) 34526 | -3/Section 7 | Destroyed 8 combat bots 34622 | -3/Section 7 | Spotted Executioner 34622 | -3/Section 7 | Spotted Executioner 34642 | -3/Section 7 | Destroyed Executioner 34646 | -3/Section 7 | Destroyed Executioner 34659 | -3/Section 7 | Found Prototype Processor 34668 | -3/Section 7 | Identified Exp. Targeting Computer 34736 | -3/Section 7 | Found Alien Artifact 34738 | -3/Section 7 | Found Alien Artifact 34741 | -3/Section 7 | Found Alien Artifact 34810 | -3/Section 7 | Spotted B-99 Colossus 34879 | -3/Section 7 | Found Alien Artifact 34879 | -3/Section 7 | Identified LRC Matter Compressor 34879 | -3/Section 7 | Installed LRC Matter Compressor, increased matter storage capacity (+125) 35001 | -3/Section 7 | Identified Transdimensional Reconstructor (x3) 35001 | -3/Section 7 | Warped through subspace 35001 | -3/Section 7 | Spotted Alpha 7 35002 | -3/Section 7 | Spotted Alpha 7 35003 | -3/Section 7 | Warped through subspace 35156 | -3/Section 7 | Entered Research 35156 | -2/Research | Warlord forces began assault on 0b10 35156 | -2/Research | Evolved 2 slots: Utility x1, Weapon x1 35266 | -2/Research | Research machine network offline 35577 | -2/Research | Found Exp. Force Field 35587 | -2/Research | Spotted B-90 Cyclops 35685 | -2/Research | Build established: Scavenger-Tank 35688 | -2/Research | Borebot progress halted 35701 | -2/Research | Found Prototype Processor 35701 | -2/Research | Identified Exp. Melee Analysis Suite 35721 | -2/Research | Borebot progress halted 35789 | -2/Research | Discovered new exit (range 15) 35804 | -2/Research | Identified exit to Access 35869 | -2/Research | Discovered new exit (range 7) 35877 | -2/Research | Identified exit to Testing 36042 | -2/Research | Entered Testing 36074 | -2/Testing | Found Prototype Protection 36074 | -2/Testing | Identified Med. Regenerative Plating 36081 | -2/Testing | Found Prototype Protection 36081 | -2/Testing | Identified SHELL Armor 36409 | -2/Testing | Found Prototype Energy Cannon 36409 | -2/Testing | Identified Null Cannon 36515 | -2/Testing | Found Prototype Device 36515 | -2/Testing | Identified Exp. Transmission Jammer 36520 | -2/Testing | Spotted Alpha 7 36557 | -2/Testing | Destroyed Alpha 7 36656 | -2/Testing | Found Exp. Transmission Jammer 36716 | -2/Testing | Build established: Scavenger-Gunner 36748 | -2/Testing | Found Prototype Leg 36748 | -2/Testing | Identified Myomer Exoskeleton 36823 | -2/Testing | Fabricated Plasma Rifle? 36837 | -2/Testing | First assault squad dispatched 37047 | -2/Testing | Fabricated Plasma Rifle (x2) 37191 | -2/Testing | Discovered exit to Access (range 8) 37264 | -2/Testing | Found Prototype Energy Cannon 37264 | -2/Testing | Identified Cld. Nova Cannon 37341 | -2/Testing | Entered Access 37341 | -1/Access | Evolved 2 slots: Utility x2 37354 | -1/Access | Identified exit to Command 37762 | -1/Access | Fabricated Adv. Weapon Cycler (x2) 37854 | -1/Access | Warped through subspace 38091 | -1/Access | First assault squad dispatched 38149 | -1/Access | Build established: Scavenger-Skirmisher 38170 | -1/Access | Spotted B-99 Colossus 38430 | -1/Access | Entered Command 38579 | -1/Command | Spotted B-99 Colossus 38691 | -1/Command | Destroyed 9 combat bots 38713 | -1/Command | First assault squad dispatched 39325 | -1/Command | Build established: Scavenger-Gunner 39488 | -1/Command | Phase Generator disabled 40080 | -1/Command | Build established: Scavenger-Tank 40280 | -1/Command | High security lockdown imminent 40327 | -1/Command | Spotted M Guard 40328 | -1/Command | Spotted Combat Programmer 40328 | -1/Command | Spotted M Guard 40329 | -1/Command | Spotted Combat Programmer 40360 | -1/Command | High security lockdown engaged 40386 | -1/Command | Lost 3 parts (1u2w) 40409 | -1/Command | Discovered new exit (range 8) 40410 | -1/Command | Spotted B-99 Colossus 40412 | -1/Command | Spotted Executioner 40417 | *** | Escaped! Last Messages --------------- 40379_ Door malfunctions. 40380_ ALERT: Assault forces dispatched. 40382_ Penetrated by EMDS Slug. 40389_ EMDS Slug penetrates L-61 Swordsman. 40391_ Penetrated by EMDS Slug. 40393_ Combat Programmer resets L-61 Swordsman, system corruption cleaned. 40394_ Penetrated by EMDS Slug. 40403_ Core Membrane filtered system corruption (1). 40405_ EMDS Slug penetrates L-61 Swordsman. 40409_ EXIT=FOUND 40411_ Exp. Force Field destroyed. 40411_ Critical hit (Blast). 40411_ Knocked back. 40411_ Penetrated by Slug. 40411_ Slug penetrates Wall. 40411_ Penetrated by Slug. 40411_ Slug penetrates Wall. 40417_ Slug penetrates Access Shell. 40417_ Penetrated by Slug. 40417_ Slug penetrates Access Shell. Map ----- +----------------------------------------------------+ | ?????????????##### #?????# | | ?????????????????# % ####### | | ?????????????????# !!= + | | ?????????????????#% !! # | | ????##############% % !! # | | ????# + %%= + | | ????# #######/##/## ###### | | ????# #???#! ## #????# | | ????# "" "" #???# |## ###### | | ????# ""R"" #???# ## | | ????# """" #???# !! [ ## | | ????# ! %[ #???# !! + | | ????# = #???# ! ! ########## | | ????####+######???########????????#% | | ?????# #???????????????????????#%% | | ?????# #???????????????????????# % | | ?????# #???????????????????????# | | ?????# #???????????????????????# | | ?????## ##???????????????????????## %% | | ??????# #?????????##############??# % | | ??????# #?????????# #?## #### ##+ | | ??????# #?????????# % ###" #??# ## | | ??????# #?????????# "" " #??# ## | | ??????# #########?# """""p #"#" #??#??# | | ??????# + #?#???" " #### #?????# | | ??????# # #?????" @" " #??# #?????+ | | ??????# # """#?????" "" " #??# ####### | | ??????# # """#?????" "#?# + | | ??????# # R"#?????""""" ##?# ####### | | ??????# + """#?????????? #??# ###"####???# | | ??????# # "" #????????? BB #??# ## ###### | | ??????# # #????????? B #??# ## !## | | ??????# # #???????? ####??# ##* ## | | ??????# # == #???????? ??????# ## ! ## | | ??????# # == #??????? ??????# ##*! ## | | ??????# #########??????? ? ??????# ##] ## | | ??????# # #?????????? ??????# ## ## | | ??????# # #?????????? ??????# ############# | | ??????# # #?????????????????# #???????????? | | ??????# # #?????????????????# #???????????# | | ??????# # #?????????????????# #???????????# | | ??????# + #?????????????????# #???????????# | | ??????# # #?????#++++#??????# #???????????# | | ??????# # #?????# ########+##??????????# | | ??????# # #= ??# # #??????????? | | ??????# # # # # #??????????? | | ??????# # # / + """" #??????????? | | ??????# # # # # """" #??????????? | | ??????# # #?????# # """" #??????????? | | ??????# # #?????# # """" #??????????? | +----------------------------------------------------+ Best States ------------- Heat Dissipation 219 Coolant Potential 50 Energy Generation 106 Energy Capacity 1200 Matter Stores 425 Matter Capacity 425 Sight Range 22 Robot Scan Range 20 Terrain Scan Density 10 Jamming Range 22 Power Amplification 70 Armor Coverage 900 Resistance: TH 50 Resistance: EM 75 Weapon Cycling 30 Evasion (%) 55 Targeting Accuracy 12 Target Analysis 10 Armor Integrity Analysis 40 Recoil Reduction 3 Particle Charging 25 Salvage Targeting 3 Offensive Hacking 20 Item Schematics ----------------- Exp. Sensor Array | -9/Materials | Scanalyzed Carbon-fiber Leg | -8/Materials | Scanalyzed Plasma Cannon | -7/Factory | Scanalyzed Imp. Thermal Generator | -7/Zion | Archive Mak. Power Source | -7/Zion | Archive Lance | -7/Zion | Archive Lightning Gun | -7/Zion | Archive Fusion Compressor | -7/Zion | Archive Mak. Axe | -7/Zion | Archive 0b10 Decoder Chip [Skirmisher] | -7/Zion | Archive Energy Well | -7/Zion | Archive Med. Reflective Plating | -7/Zion | Archive Adv. Cooling System | -7/Zion | Archive Phase Cannon | -7/Zion | Archive Mak. Laser | -7/Zion | Archive Xenon Bombardment Thruster | -7/Zion | Archive Imp. Transmission Jammer | -7/Zion | Archive Plasma Rifle | -6/Factory | Scanalyzed Adv. Signal Interpreter | -6/Factory | Hacked Adv. Targeting Computer | -6/Factory | Hacked Hcp. Storage Unit | -6/Factory | Hacked Combat Drone Bay | -6/Data Miner | Free Lgt. Regenerative Plating | -6/Data Miner | Free Enh. Flexi-carbon Leg | -6/Data Miner | Free Imp. Energy Well | -6/Data Miner | Free Hvy. Proton Cannon | -6/Data Miner | Free Hvy. Siege Treads | -6/Data Miner | Free Adv. Transmission Jammer | -6/Data Miner | Free Adv. Datajack | -6/Data Miner | Free Hvy. Disruptor Cannon | -6/Data Miner | Free Adv. Force Field | -6/Data Miner | Free Enh. Gauss Cannon | -6/Data Miner | Free Imp. System Restoration Module | -6/Data Miner | Free Cld. Plasma Rifle | -5/Factory | Scanalyzed Adv. Armor Integrity Analyzer | -4/Extension | Hacked Adv. Weapon Cycler | -1/Access | Scanalyzed Robot Schematics ------------------ C-57 Dissector | -7/Zion | Archive L-41 Fighter | -7/Zion | Archive S-27 Virus | -6/Data Miner | Free B-48 Gladiator | -6/Data Miner | Free X-67 Chaingunner | -6/Data Miner | Free R-10 Processor | -6/Data Miner | Free Fabricated ------------ H-55 Commando | x2 | -7/Factory | Preloaded Plasma Rifle | x2 | -6/Factory Plasma Rifle | x2 | -5/Factory Plasma Rifle | x2 | -2/Testing Plasma Rifle | x2 | -2/Testing Adv. Weapon Cycler | x2 | -1/Access Alien Tech Used ----------------- Core Stripper Integrity Redistributor Integrated Reactor Subatomic Replicator Integrated Heat Negator Core Membrane Core Regenerator LRC Matter Compressor Transdimensional Reconstructor Achievements -------------- None Challenges ------------ None Game ------ Seed EnhancedCorruptionBattery Manual? 0 Play Time 05:38:20 Cumulative 1347.0 hours Start 2021.10.23 @ 16:01:18 End 2021.10.24 @ 17:20:44 Sessions 3 Manual Loads 0 Difficulty Rogue Special Mode None Game No. 463 Rogue 463 Adventurer 0 Explorer 0 Win Type 0 Total 95 Types 21/12/37/5/1/2/15/1/1 Lore% 94 Gallery% 95 Achievement% 86 Wizard Run 0 Options --------- ASCII 0 Keyboard 0 Movement Numpad Keybinds 0 Fullscreen 1 Font 18/SmallcapsGlow Map View 76x50 Tactical HUD 1 Map Filters NONE Filters NONE Steam 1 RUN: d2427281-20bd-4513-86a7-4a544e3bfe30